 Dungeon Crawl Stone Soup version 0.32-a0-929-g5c35ed9eb8 (webtiles) character file.

Game seed: 5274743422343544821

15471600 Twinkles the Crusher (level 27, 224/224 HPs)
             Began as an Octopode Shapeshifter on Apr 9, 2024.
             Was the Champion of Wu Jian.
             Escaped with the Orb
             ... and 15 runes
             ... and 1 gem on Apr 12, 2024!
             The game lasted 12:06:26 (102361 turns).

Twinkles the Crusher (Octopode Shapeshifter)      Turns: 102361, Time: 12:06:27

Health: 224/224    AC: 22    Str: 32    XL:     27
Magic:  55/55      EV: 61    Int: 14    God:    Wu Jian [******]
Gold:   16121      SH:  5    Dex: 25    Spells: 42/65 levels left

rFire   + +          +
                       - Unarmed
rCold   + + .        x - melded +8 tower shield
rNeg    + + .        g - melded +2 hat
rPois   ∞            r - amulet "Iweula" {Reflect Regen+ Dex+6 SH+5}
rElec   +            b - ring of the Green Cherry {rC+ EV+5 Str+2}
rCorr   +            L - +4 ring of protection
SInv    +            y - ring of the Shining Light {rF++ rCorr}
Will    +++..        e - ring "Ehepeytz" {rC+ Str+6 Stlth+}
Stlth   +++++        k - +4 ring of protection
HPRegen 1.37/turn    u - ring of Wiemeoz {rN++ Will+ rCorr MP+9}
MPRegen 0.34/turn    a - ring "Zoipn" {rF+ Str+3 Dex+3 SInv}
                     f - ring of Shadows {Umbra +Inv Stlth+}

%: reflection
@: storm-form, flying, wreathed by umbra, studying 3 skills
A: cleaving, insubstantial, flying, almost no armour, amphibious, 8 rings,
(camouflage 1), (gelatinous body 1), (nimble swimmer 1), (tentacles), (antennae
1)
0: Orb of Zot
}: 15/15 runes: decaying, serpentine, slimy, silver, golden, iron, obsidian,
icy, bone, abyssal, demonic, glowing, magical, fiery, dark
a: Blinkbolt, Begin Untransformation, Renounce Religion, Evoke Invisibility,
Wall Jump, Serpent's Lash, Heavenly Storm


You escaped.
You worshipped Wu Jian.
Wu Jian was exalted by your worship.
You were a lightning-filled tempest!
You visited 18 branches of the dungeon, and saw 87 of its levels.
You visited Pandemonium 1 time, and saw 18 of its levels.
You visited the Abyss 1 time.
You visited 1 bazaar.
You visited 1 ziggurat, and saw 10 of its levels.
You also visited: Trove, Gauntlet and Wizlab.

You collected 21339 gold pieces.
You spent 5218 gold pieces at shops.

Inventory:

Missiles
 q - 2 throwing nets
 w - 8 curare-tipped darts (quivered)
 G - 9 silver javelins
Armour
 g - a +2 hat (melded)
 x - a +8 tower shield (melded)
Jewellery
 a - the ring "Zoipn" (on tentacle) {rF+ Str+3 Dex+3 SInv}
   (You bought it in a shop on level 10 of the Dungeon)

   [ring of protection from fire]

   Str+3:     It affects your strength (+3).
   Dex+3:     It affects your dexterity (+3).
   rF+:       It protects you from fire.
   SInv:      It lets you see invisible.
 b - the ring of the Green Cherry (left tentacle) {rC+ EV+5 Str+2}
   (You found it on level 5 of the Pits of Slime)

   [ring of evasion]

   EV+5:      It affects your evasion (+5).
   Str+2:     It affects your strength (+2).
   rC+:       It protects you from cold.
 c - a +4 ring of protection
 e - the ring "Ehepeytz" (on tentacle) {rC+ Str+6 Stlth+}
   (You found it on level 5 of the Pits of Slime)

   [ring of strength]

   Str+6:     It affects your strength (+6).
   rC+:       It protects you from cold.
   Stlth+:    It makes you more stealthy.
 f - the ring of Shadows (on tentacle) {Umbra +Inv Stlth+}
   (You found it on level 3 of the Tomb of the Ancients)

   [ring of stealth]

   Umbra:     It surrounds you with an aura of shadow, increasing your stealth
   and reducing the accuracy of all others within it.
   +Inv:      It lets you turn invisible.
   Stlth+:    It makes you more stealthy.
 k - a +4 ring of protection (on tentacle)
 r - the amulet "Iweula" (around neck) {Reflect Regen+ Dex+6 SH+5}
   (You found it in a wizard's laboratory)

   [amulet of reflection]

   Reflect:   It reflects blocked missile attacks.
   Dex+6:     It affects your dexterity (+6).
   Regen+:    It increases your rate of health regeneration.
   SH+5:      It affects your SH (+5).
 u - the ring of Wiemeoz (on tentacle) {rN++ Will+ rCorr MP+9}
   (You found it on level 3 of the Crypt)

   [ring of magical power]

   rN++:      It greatly protects you from negative energy.
   Will+:     It increases your willpower.
   MP+9:      It affects your magic capacity (+9).
   rCorr:     It protects you from acid and corrosion.
 y - the ring of the Shining Light (on tentacle) {rF++ rCorr}
   (You acquired it in a Gauntlet)

   [ring of resist corrosion]

   rF++:      It greatly protects you from fire.
   rCorr:     It protects you from acid and corrosion.
 L - a +4 ring of protection (right tentacle)
Talismans
 o - a storm talisman (active)
 W - a talisman of death
 X - a granite talisman
Wands
 d - a wand of digging (17)
 i - a wand of iceblast (85)
 p - a wand of paralysis (116)
 S - a wand of light (54)
Scrolls
 j - a scroll of revelation
 D - 8 scrolls of blinking
 E - 14 scrolls of fear
 F - 10 scrolls of fog
 K - 18 scrolls of immolation
 O - a scroll of silence
 V - 12 scrolls of vulnerability
 Y - 24 scrolls of teleportation
Potions
 h - 16 potions of enlightenment
 A - 13 potions of attraction
 B - 2 potions of brilliance
 C - 10 potions of cancellation
 H - 7 potions of haste
 I - 5 potions of invisibility
 J - 24 potions of curing
 M - 6 potions of might
 N - 2 potions of heal wounds
 P - 16 potions of lignification
 Q - 9 potions of magic
 R - 6 potions of resistance
 T - 2 potions of berserk rage
 U - 21 potions of mutation
Miscellaneous
 l - a condenser vane
 m - a phantom mirror
 n - the horn of Geryon
 t - a Gell's gravitambourine (2/2)
 v - a lightning rod (4/4)
 z - a box of beasts
 Z - a figurine of a ziggurat


   Skills:
 O Level 27 Fighting
 - Level 14.2 Throwing
 - Level 20.0 Dodging
 - Level 21.7 Stealth
 O Level 27 Shields
 O Level 27 Unarmed Combat
 + Level 19.6 Spellcasting
 - Level 25.7 Translocations
 - Level 5.0 Air Magic
 - Level 20.0 Evocations
 - Level 26.6 Shapeshifting


You had 42 spell levels left.
You knew the following spells:

 Your Spells              Type           Power      Damage    Failure   Level
a - Apportation           Tloc           100%       N/A       0%          1
b - Blink                 Tloc           100%       N/A       0%          2
c - Lesser Beckoning      Tloc           100%       N/A       0%          2
d - Maxwell's Portable P  Tloc           72%        2d(12-35) 0%          3
e - Vhi's Electric Charg  Tloc/Air       100%       N/A       1%          4
f - Manifold Assault      Tloc           36%        N/A       1%          7
g - Passage of Golubria   Tloc           72%        N/A       0%          4

Your spell library contained the following spells:

 Spells                   Type           Power      Damage    Failure   Level
 Teleport Other           Tloc           72%        N/A       0%          3
 Shock                    Conj/Air       80%        1d8       1%          1
 Momentum Strike          Conj/Tloc      98%        3d10      1%          2
 Swiftness                Air            27%        N/A       1%          3
 Volatile Blastmotes      Fire/Tloc      98%        2d18      1%          3
 Dimensional Bullseye     Hex/Tloc       24%        N/A       1%          4
 Iskenderun's Mystic Bla  Conj/Tloc      49%        2d11      (+2d51%     4
 Summon Forest            Summ/Tloc      24%        N/A       1%          5
 Mercury Vapours          Alch/Air       40%        N/A       2%          2
 Static Discharge         Conj/Air       40%        3-5/arc   2%          2
 Cigotuvi's Dreadful Rot  Necr/Alch/Air  36%        N/A       3%          2
 Foxfire                  Conj/Fire      52%        2x1d6     4%          1
 Kiss of Death            Conj/Necr      52%        2d9       4%          1
 Magic Dart               Conj           52%        1d5       4%          1
 Necrotise                Necr           52%        1d6       4%          1
 Sandblast                Erth           26%        2d8       4%          1
 Slow                     Hex            52%        N/A       4%          1
 Sting                    Conj/Alch      52%        1d6       4%          1
 Summon Small Mammal      Summ           52%        N/A       4%          1
 Airstrike                Air            13%        2d(2-18)  4%          4
 Call Imp                 Summ           26%        N/A       6%          2
 Ensorcelled Hibernation  Hex/Ice        26%        N/A       6%          2
 Jinxbite                 Hex            26%        N/A       6%          2
 Scorch                   Fire           26%        2d6       6%          2
 Mephitic Cloud           Conj/Alch/Air  18%        N/A       6%          3
 Call Canine Familiar     Summ           13%        N/A       12%         3
 Confusing Touch          Hex            13%        N/A       12%         3
 Dazzling Flash           Conj/Hex       26%        N/A       12%         3
 Fugue of the Fallen      Necr           13%        N/A       12%         3
 Hailstorm                Conj/Ice       13%        3d6       12%         3
 Inner Flame              Hex/Fire       13%        N/A       12%         3
 Ozocubu's Armour         Ice            13%        N/A       12%         3
 Passwall                 Erth           13%        N/A       12%         3
 Sigil of Binding         Hex            13%        N/A       12%         3
 Stone Arrow              Conj/Erth      26%        3d8       12%         3
 Summon Ice Beast         Ice/Summ       13%        N/A       12%         3
 Tukima's Dance           Hex            13%        N/A       12%         3
 Vampiric Draining        Necr           13%        2d6       12%         3
 Summon Lightning Spire   Summ/Air       20%        N/A       14%         4
 Anguish                  Hex/Necr       6%         N/A       36%         4
 Animate Dead             Necr           13%        N/A       36%         4
 Brom's Barrelling Bould  Conj/Erth      13%        2d4       36%         4
 Cause Fear               Hex            6%         N/A       36%         4
 Dispel Undead            Necr           13%        3d9       36%         4
 Flame Wave               Conj/Fire      13%        2d6       36%         4
 Fulminant Prism          Conj/Alch      6%         3d6       36%         4
 Leda's Liquefaction      Alch/Erth      6%         N/A       36%         4
 Martyr's Knell           Necr/Summ      13%        N/A       36%         4
 Olgreb's Toxic Radiance  Alch           13%        N/A       36%         4
 Petrify                  Alch/Erth      13%        N/A       36%         4
 Sticky Flame             Fire/Alch      13%        2d5       36%         4
 Summon Blazeheart Golem  Fire/Summ      13%        N/A       36%         4
 Arcjolt                  Conj/Air       10%        1d20      36%         5
 Silence                  Hex/Air        10%        N/A       36%         5
 Freezing Cloud           Conj/Ice/Air   9%         6-21      50%         5
 Alistair's Intoxication  Alch           8%         N/A       73%         5
 Borgnjor's Vile Clutch   Necr/Erth      6%         N/A       73%         5
 Curse of Agony           Necr           13%        N/A       73%         5
 Fireball                 Conj/Fire      6%         3d5       73%         5
 Iskenderun's Battlesphe  Conj           13%        2d7       73%         5
 Lee's Rapid Deconstruct  Erth           6%         3d6*      73%         5
 Metabolic Englaciation   Hex/Ice        6%         N/A       73%         5
 Summon Mana Viper        Hex/Summ       13%        N/A       73%         5
 Yara's Violent Unravell  Hex/Alch       6%         3d5       73%         5
 Conjure Ball Lightning   Conj/Air       10%        3x3d6     91%         6
 Plasma Beam              Fire/Air       10%        2x1d21    91%         6
 Bombard                  Conj/Erth      6%         9d2       99%         6
 Death Channel            Necr           6%         N/A       99%         6
 Eringya's Noxious Bog    Alch           6%         4d6       99%         6
 Permafrost Eruption      Ice/Erth       6%         2x4d3     99%         6
 Sculpt Simulacrum        Ice/Alch       6%         N/A       99%         6
 Starburst                Conj/Fire      6%         6d4       99%         6
 Summon Cactus Giant      Summ           6%         N/A       99%         6
 Enfeeble                 Hex            6%         N/A       100%        7
 Haunt                    Necr/Summ      6%         N/A       100%        7
 Monstrous Menagerie      Summ           6%         N/A       100%        7
 Orb of Destruction       Conj           6%         9d6       100%        7
 Ozocubu's Refrigeration  Ice            6%         4d8       100%        7
 Spellforged Servitor     Conj/Summ      6%         N/A       100%        7
 Summon Hydra             Summ           6%         N/A       100%        7
 Ignition                 Fire           6%         3d4       100%        8
 Infestation              Necr           6%         N/A       100%        8
 Lehudib's Crystal Spear  Conj/Erth      6%         10d3      100%        8
 Maxwell's Capacitive Co  Air            13%        ∞         100%        8
 Summon Horrible Things   Summ           6%         N/A       100%        8
 Chain Lightning          Conj/Air       10%        3d13      100%        9
 Death's Door             Necr           6%         N/A       100%        9
 Dragon's Call            Summ           6%         N/A       100%        9
 Fire Storm               Conj/Fire      6%         8d2       100%        9
 Polar Vortex             Ice            6%         N/A       100%        9
 Shatter                  Erth           6%         3d9*      100%        9
 Sublimation of Blood     Necr           Unusable   N/A       N/A         2
 Animate Armour           Summ/Erth      Unusable   N/A       N/A         4

Dungeon Overview and Level Annotations

Branches:
Dungeon (15/15)            Temple (1/1) D:6            Lair (5/5) D:10
  Swamp (4/4) Lair:2        Snake (4/4) Lair:3        Slime (5/5) Lair:5
    Orc (2/2) D:10            Elf (3/3) Orc:2        Vaults (5/5) D:14
  Crypt (3/3) Vaults:3       Tomb (3/3) Crypt:3      Depths (4/4) D:15
   Hell (visited)             Dis (7/7) Hell            Geh (7/7) Hell
    Coc (7/7) Hell            Tar (7/7) Hell            Zot (5/5) Depths:4
 WizLab (visited)         Gauntlet (visited)

Altars:
Ashenzari
Cheibriados
Dithmenos
Elyvilon
Fedhas
Gozag
Hepliaklqana
Kikubaaqudgha
Makhleb
Nemelex Xobeh
Okawaru
Qazlal
Ru
Sif Muna
Trog
Uskayaw
Vehumet
Wu Jian
Xom
Yredelemnul
Zin
The Shining One
Jiyva

Shops:
D:10 [:=   Orc:2 ([*=   Elf:2 :[   Elf:3 [(:=!:   Vaults:1 (   Depths:2 *

Portals:
Hell: Depths:1 Depths:2 Depths:3 Depths:4
Abyss: Depths:3
Pandemonium: Depths:1 Depths:2

Annotations:
Lair:5 1 exclusion
Vaults:2 1 exclusion
Dis:3 exclusions: iron giant and iron golem
Coc:2 1 exclusion
Zot:3 2 transporters, Sebriys's ghost, legendary TrBe


Innate Abilities, Weirdness & Mutations

You are a lightning-filled tempest!
Your electrical attacks strike out in all directions at once.
You are incredibly evasive.
Your insubstantial body is immune to petrification, constriction, and being set on fire You are flying.
Your armour is entirely melded.
You are incapable of wielding weapons or throwing items.
You cannot wear most types of armour.
You are amphibious.
You can wear up to eight rings at the same time.
You are immune to poison.
((Your skin changes colour to match your surroundings (Stealth+).))
((Your rubbery body absorbs attacks. (AC +1, EV +1)))
((You are camouflaged when in or above water. (Stealth+)))
((You have tentacles for arms and can constrict up to eight enemies at once.))
((You have a pair of small antennae on your head.))


Message History

The Orb Guardian is heavily wounded.
The Orb Guardian barely misses you.
You buffet the Orb Guardian!
The Orb Guardian is severely wounded.
The Orb Guardian completely misses you.
You barely miss the Orb Guardian. Your punch misses the Orb Guardian.
The Orb Guardian is severely wounded.
You closely miss the Orb Guardian.
The Orb Guardian is severely wounded.
The Orb Guardian closely misses you.
You batter the Orb Guardian!!
Lightning courses through the Orb Guardian!
You kill the Orb Guardian!
The Council accepts your kill.
What level of the Dungeon? (default 1, ? - help)
There is an open door here.
An Orb Guardian comes into view.
You blast the Orb Guardian!!!
Lightning courses through the Orb Guardian!
You punch the Orb Guardian, but do no damage.
The Orb Guardian is severely wounded.
The Orb Guardian completely misses you.
You blast the Orb Guardian!!!
You kill the Orb Guardian!
The Council accepts your kill.
What level of the Dungeon? (default 1, ? - help)
There is a large open door here.
There is a staircase leading out of the dungeon here.
Okay, then.
Unknown command.
Unknown command.
Unknown command.
Unknown command.
Unknown command.
Unknown command.
Okay, then.
Unknown command.
Unknown command.
Unknown command.
You have escaped!

######## ###≈≈§≈§§###
##§§≈≈≈≈§≈§≈##
#≈≈≈≈≈≈#≈≈≈≈≈#
##≈≈#≈≈§≈≈§§≈≈##
#≈≈≈≈§≈≈≈≈≈§#≈§#
#≈≈§§≈####§§≈§≈###
#≈§§§§#v.......'.#######
#≈≈§§§#>.......'.....#..
#≈§≈§≈####≈≈≈§≈#.###.#.#
#≈≈≈≈§≈≈≈≈≈≈#≈≈#.#.#.#.#
##≈§#§≈≈≈≈≈§≈§##.#.#)#.#
#§§§≈§≈#§§§§§##.#.#.#..
##≈§≈≈§≈§§§≈###.#.#.###
###≈≈§≈§≈### #.....#.'
############÷.#.##.#


There were no monsters in sight!

Vanquished Creatures
  Cerebov (Pan)
  Antaeus (Coc:7)
  Asmodeus (Geh:7)
  the Royal Jelly (Slime:5)
  Ereshkigal (Tar:7)
  Mnoleg (Pan)
  Lom Lobon (Pan)
  Gloorx Vloq (Pan)
  the Serpent of Hell (Geh:7)
  A seraph (Pan)
  Dispater (Dis:7)
  11 dread liches
  11 ancient liches
  Mennas (Pan)
  Khufu (Crypt:3)
  7 orbs of fire
  8 juggernauts
  The ghost of xzight the Conqueror, a legendary MiBe of Trog (Depths:2)
  Sojobo (Crypt:1)
  10 shard shrikes
  Vashnia (Snake:2)
  42 royal mummies
  Boris (4 times) (Vaults:1 Vaults:3 Depths:3 Crypt:3)
  10 Killer Klowns
  Bai Suzhen (Crypt:1)
  Saint Roka (Vaults:3)
  Margery (Crypt:2)
  Geryon (Hell)
  7 curse toes
  27 caustic shrikes
  5 pandemonium lords
  Jory (Vaults:3)
  12 golden dragons
  23 profane servitors
  2 pearl dragons (Pan)
  11 iron giants
  Nikola (Depths:2)
  17 Tzitzimimeh
  17 Brimstone Fiends
  6 doom hounds
  The ghost of Twinkles the Metamorph, an adept OpSh of Wu Jian (Elf:3)
  23 tentacled monstrosities
  4 electric golems
  6 bone dragons
  23 Ice Fiends
  10 hellephants
  24 tainted leviathans
  A moon troll (WizLab)
  24 Hell Sentinels
  14 liches
  Asterion (Depths:2)
  2 deep elf master archers (Elf:3)
  A walking earthen tome (Depths:3)
  27 Orb Guardians
  7 deep elf blademasters
  4 quicksilver dragons
  2 walking divine tomes
  21 acid blobs
  17 titans
  32 searing wretches
  10 sphinxes
  A walking frostbound tome (Depths:3)
  An eldritch tentacle (Tomb:3)
  11 death cobs
  14 Executioners (Pan)
  36 ancient champions
  15 shadow dragons
  15 tengu reavers
  7 tentacled starspawn
  Roxanne (Swamp:1)
  19 storm dragons
  6 revenants
  4 fenstrider witches
  2 nagarajas (Snake:4)
  9 draconian monks
  12 rockslimes
  32 fire giants
  7 protean progenitors
  20 daevas (Pan)
  9 azure jellies
  10 draconian knights
  2 draconian shifters
  6 narguns
  11 demonspawn warmongers
  9 iron dragons
  3 thorn hunters (Swamp:4)
  7 frost giants
  7 draconian scorchers
  5 deep elf elementalists
  72 balrugs
  8 quicksilver elementals
  6 deep elf sorcerers (Elf:3)
  3 ghost moths
  4 shard shrike simulacra
  11 ghouls
  5 draconian annihilators
  28 reapers
  18 vault wardens
  An orc warlord (Orc:2)
  21 cacodemons
  23 ironbound preservers
  34 angels
  3 spectral caustic shrikes
  A broodmother (Pan)
  12 demonspawn blood saints
  4 curse skulls
  4 formless jellyfish
  9 draconian stormcallers
  3 caustic shrike skeletons (Pan)
  2 spriggan defenders (Depths:2)
  12 quicksilver oozes
  16 demonspawn corrupters
  24 stone giants
  7 juggernaut skeletons
  14 very ugly things
  2 eleionomae
  9 ironbound thunderhulks
  7 vampire knights
  10 deep elf demonologists
  15 green draconians
  28 putrid mouths
  21 elemental wellsprings
  4 starflowers (Abyss:3)
  8 deep elf death magi
  15 lorocyprocas
  9 demonspawn black suns
  19 ophanim (Pan)
  20 apis (Pan)
  9 yellow draconians
  4 bunyips
  8 dire elephants
  10 bennus
  3 spark wasps
  14 red draconians
  10 deep elf annihilators
  47 war gargoyles
  Azrael (D:13)
  12 white draconians
  2 spectral titans
  5 purple draconians
  11 black draconians
  A spectral quicksilver dragon (Tar:1)
  22 blizzard demons
  13 wendigos
  Snorg (D:11)
  3 crystal guardians
  8 eidola
  4 fire dragons
  8 ettins
  A quicksilver dragon zombie (Zig:6)
  Josephine (D:14)
  9 green deaths
  23 iron golems
  8 jiangshi
  2 entropy weavers
  2 spectral krakens (Tar:7)
  28 mummy priests
  5 deep elf high priests
  A spectral iron giant (Tar:2)
  14 ice dragons
  14 yaktaur captains
  4 juggernaut simulacra
  10 salamander tyrants
  4 spectral spriggans
  8 rakshasas
  3 spriggan zombies
  34 vault guards
  18 hydras
  6 caustic shrike simulacra
  3 ogre magi
  16 great orbs of eyes
  8 alligators
  10 hell beasts
  A fenstrider witch zombie (Crypt:3)
  2 peacekeepers
  9 centaur warriors
  6 spriggan air magi
  A ghost crab (Swamp:4)
  11 anacondas
  19 stokers
  A catoblepas (Zig:5)
  A merfolk aquamancer (Pan)
  35 dancing weapons
  13 boulder beetles
  A merfolk avatar (Lair:5)
  An azure jelly zombie (Crypt:3)
  6 ironbound frosthearts
  2 jorogumos (Pan)
  2 death knights
  62 death scarabs
  2 sphinx skeletons
  A deep troll shaman (Depths:2)
  A fenstrider witch skeleton (Tomb:1)
  A satyr (Zot:2)
  5 occultists
  3 vampire magi
  6 deep troll earth magi
  10 tengu warriors
  3 demonic crawlers
  9 two-headed ogres
  2 spriggan berserkers (Depths:4)
  15 naga warriors
  A spectral naga (Tar:1)
  2 thrashing horrors (Abyss:3)
  9 death yaks
  50 hell hogs
  12 spriggans
  A titan zombie (Abyss:2)
  22 naga sharpshooters
  2 spectral dire elephants
  Sonja (Lair:5)
  5 orc high priests
  A shock serpent (shapeshifter) (Vaults:2)
  A spectral emperor scorpion (Tar:2)
  16 crystal echidnas
  27 hell knights
  6 holy swine (Pan)
  20 deep elf knights
  8 shock serpents
  9 skysharks
  98 sun demons
  A spectral spark wasp (Depths:3)
  3 hellephant skeletons (Pan)
  4 iron trolls
  2 titan skeletons
  3 spectral bunyips
  17 deep elf archers
  19 sixfirhies
  7 wretched stars
  4 shadow wraiths
  28 soul eaters
  4 salamander mystics
  6 flayed ghosts
  A golden dragon zombie (Crypt:1)
  8 quicksilver dragon simulacra
  A bunyip zombie (Crypt:2)
  18 shadow demons
  3 obsidian statues
  An orange crystal statue (WizLab)
  An anaconda skeleton (Abyss:2)
  7 glowing orange brains
  17 cherubim (Pan)
  8 spectral anacondas
  3 orb spiders (Pan)
  19 skeletal warriors
  10 bog bodies
  51 deep trolls
  5 mana vipers
  5 spriggan druids
  5 arcanists
  7 naga ritualists
  A spectral hydra (Tar:4)
  2 steelbarb worms (shapeshifter) (Vaults:5)
  24 ironbound convokers
  16 sun moths
  7 spriggan simulacra
  11 swamp dragons
  12 orc knights
  7 harpies
  5 lindwurms
  2 obsidian bats
  An orb spider (shapeshifter) (Elf:3)
  A shadow dragon zombie (Crypt:2)
  15 necromancers
  27 deep elf zephyrmancers
  6 thermic dynamos
  A golden dragon skeleton (Vaults:3)
  17 large abominations
  13 phantasmal warriors
  A stone giant zombie (Crypt:2)
  An iron dragon zombie (Hell)
  8 oklob plants
  7 orc sorcerers
  A spectral ettin (Tar:2)
  4 shining eyes
  25 deep elf pyromancers
  35 ugly things
  An alligator skeleton (Hell)
  A sphinx simulacrum (Depths:3)
  2 wolf spiders
  A meliai (shapeshifter) (D:14)
  15 salamanders
  4 human zombies
  7 cyclopes
  2 tengu skeletons (Vaults:3)
  36 moths of wrath
  A will-o-the-wisp (Swamp:3)
  16 elephants
  2 manticores
  28 vault sentinels
  10 naga magi
  A black mamba (shapeshifter) (D:15)
  8 apocalypse crabs (Zot:2)
  2 ice statues (Zig:2)
  A rust devil (Pan)
  A molten gargoyle (Depths:3)
  43 black mambas
  A shock serpent skeleton (Crypt:1)
  A toenail golem (Depths:3)
  A fire giant skeleton (Zig:7)
  A frost giant skeleton (Vaults:3)
  A kobold blastminer (Orc:1)
  10 spectral swamp worms (Tar:7)
  10 eyes of devastation
  5 titan simulacra
  7 guardian serpents
  19 orange demons
  4 gargoyles
  9 human skeletons
  12 cane toads
  24 hellions
  5 rime drakes
  19 smoke demons
  2 centaur skeletons (Hell)
  A yellow draconian zombie (Crypt:1)
  8 komodo dragons
  9 freezing wraiths
  A torpor snail (shapeshifter) (Vaults:4)
  2 dire elephant skeletons
  44 yaktaurs
  3 kobold demonologists
  32 tormentors
  A catoblepas skeleton (Crypt:3)
  Psyche (D:8)
  8 tengu conjurers
  2 ancient zymes
  8 efreet
  2 yaktaur skeletons (Vaults:3)
  6 anaconda simulacra
  A silent spectre (Tar:6)
  48 guardian mummies
  14 red devils
  4 bloated husks
  9 hellwings
  A harpy zombie (Crypt:1)
  A green draconian skeleton (Crypt:3)
  4 polar bears
  3 trolls
  A spectral swamp dragon (Tar:1)
  11 hornets
  An alligator simulacrum (Coc:1)
  A wind drake (Lair:5)
  A harpy skeleton (Tomb:2)
  10 tyrant leeches
  A culicivora zombie (Crypt:2)
  12 dream sheep
  3 glass eyes
  2 iron dragon simulacra
  A death drake skeleton (Crypt:1)
  A meliai zombie (Crypt:3)
  A dream sheep (shapeshifter) (Vaults:3)
  26 blink frogs
  2 shadow dragon simulacra
  An elf zombie (Vaults:2)
  An ettin zombie (Zig:6)
  A satyr zombie (Crypt:1)
  74 slime creatures
  A snapping turtle (Lair:5)
  5 stone giant simulacra
  2 ettin skeletons
  A spriggan (shapeshifter) (D:15)
  2 shadows
  A culicivora (Vaults:4)
  4 air elementals
  2 small abominations (Abyss:2)
  14 ushabtiu
  21 ynoxinuls
  3 dire elephant simulacra (Coc:6)
  2 fire bats (Abyss:2)
  55 yaks
  9 wyverns
  A human (shapeshifter) (D:14)
  23 starcursed masses
  11 wraiths
  5 basilisks
  7 fire elementals
  17 golden eyes
  A basilisk (shapeshifter) (Abyss:2)
  4 hogs (D:11)
  5 humans
  2 water elementals
  17 vampire mosquitoes
  21 neqoxecs
  2 wargs
  4 steam dragons
  2 redbacks (Vaults:4)
  A glowing shapeshifter zombie (Depths:3)
  22 chaos spawn (Pan)
  40 nagas
  14 harpy simulacra
  18 swamp worms
  An acid dragon (D:10)
  13 water moccasins
  A hydra simulacrum (Coc:6)
  15 hell hounds
  14 swamp drakes
  38 orc warriors
  3 ice beasts
  4 ettin simulacra
  2 sky beasts
  A blink frog zombie (Crypt:2)
  23 laughing skulls
  16 ogres
  11 centaurs
  15 boggarts
  23 wolves
  A phantom (D:4)
  A swamp dragon skeleton (Crypt:2)
  4 kobold brigands
  A weeping skull (D:6)
  2 wyvern zombies (D:6)
  10 bullfrogs
  3 scorpions
  2 naga simulacra
  A glowing shapeshifter simulacrum (Depths:3)
  3 earth elementals
  A human simulacrum (Depths:3)
  16 wights
  A troll zombie (Crypt:2)
  13 killer bees
  3 electric eels
  3 spriggan skeletons
  2 howler monkeys (D:10)
  A bombardier beetle (D:4)
  3 centaur zombies (D:6)
  4 bullfrog zombies
  2 hounds
  5 jellies
  A gnoll bouda (D:6)
  18 orc priests
  A sleepcap (D:8)
  Jessica (D:2)
  25 orc wizards
  A scorpion zombie (Crypt:2)
  2 iguanas
  10 hell rats
  51 mummies
  8 gnolls
  10 adders
  A shadow imp (D:4)
  2 white imps
  An adder skeleton (Crypt:1)
  A dart slug (D:3)
  A ribbon worm (D:4)
  95 orcs
  7 endoplasms
  4 giant cockroaches
  6 hobgoblins
  5 jackals
  12 kobolds
  2 quokkas
  10 ball pythons
  6 bats
  4 frilled lizards
  4 goblins
  A jackal zombie (Crypt:1)
  A kobold skeleton (Crypt:1)
  5 rats
  A river rat skeleton (Crypt:2)
  5 aspiring fleshes
  6 creeping infernos
  5 fire vortices
  A foxfire (Swamp:3)
  4 spectral weapons
  2 starspawn tentacles (WizLab)
  A tentacle (Tar:7)
4366 creatures vanquished.

Vanquished Creatures (collateral kills)
  A profane servitor (Tar:2)
  2 Executioners (Pan)
  A reaper (Pan)
  A caustic shrike skeleton (Pan)
  A mummy priest (Tomb:1)
  A death scarab (Tomb:1)
  A guardian mummy (Tomb:1)
  A rat zombie (Crypt:3)
9 creatures vanquished.

Vanquished Creatures (others)
  2 eldritch tentacles (Pan)
  2 protean progenitors (Pan)
  A fire giant (Zig:10)
  A wendigo (Coc:7)
  A deep elf high priest (Depths:3)
  A boulder beetle (Dis:2)
  A juggernaut simulacrum (Coc:6)
  A deep troll earth mage (Depths:2)
  A titan skeleton (Hell)
  A shadow demon (Pan)
  2 spriggan simulacra
  A necromancer (Hell)
  A freezing wraith (Depths:3)
  A tormentor (Pan)
  A bloated husk (Swamp:2)
  A wyvern (Lair:5)
  3 alligator snapping turtle simulacra
  A dire elephant simulacrum (Coc:6)
  A harpy simulacrum (Coc:1)
  An ettin simulacrum (Hell)
  A creeping inferno (Geh:1)
  12 foxfires (Swamp:3)
  12 starspawn tentacles
  7 tentacles (Tar:7)
57 creatures vanquished.

Grand Total: 4432 creatures vanquished

Notes
Turn   | Place    | Note
-------+----------+-------------------------------------------
     0 | D:1      | Twinkles the Octopode Shapeshifter began the quest for the
                  | Orb.
     0 | D:1      | Reached XP level 1. HP: 13/13 MP: 1/1
    18 | D:1      | Reached XP level 2. HP: 16/18 MP: 2/2
   132 | D:1      | HP: 6/18 [frozen (5)]
   270 | D:1      | HP: 6/18 [jackal (3)]
   272 | D:1      | Reached XP level 3. HP: 8/23 MP: 3/3
   895 | D:2      | Noticed Jessica
   898 | D:2      | Killed Jessica
   899 | D:2      | Reached XP level 4. HP: 29/29 MP: 4/4
  1287 | D:2      | Identified the ring of Gozag, Bedazzling {Ice rElec}
  1683 | D:3      | Reached XP level 5. HP: 35/35 MP: 5/5
  2260 | D:4      | Reached XP level 6. HP: 39/41 MP: 6/6
  2317 | D:4      | HP: 14/41 [phantom (3)]
  2319 | D:4      | HP: 3/41 [phantom (6)]
  3337 | D:5      | Entered Level 5 of the Dungeon
  3344 | D:5      | Reached XP level 7. HP: 23/46 MP: 7/7
  3530 | D:5      | Reached skill level 5 in Shapeshifting
  3578 | D:5      | Found a hide-covered altar of Uskayaw.
  3692 | D:5      | Reached skill level 1 in Stealth
  3850 | D:5      | Reached XP level 8. HP: 44/54 MP: 8/8
  4072 | D:5      | Reached skill level 5 in Unarmed Combat
  4788 | D:6      | Found a staircase to the Ecumenical Temple.
  4797 | Temple   | Entered the Ecumenical Temple
  4822 | Temple   | Became a worshipper of the Wu Jian Council
  4916 | D:6      | Reached skill level 5 in Dodging
  5181 | D:7      | Found a radiant altar of Vehumet.
  5186 | D:7      | Found an ancient bone altar of Kikubaaqudgha.
  5190 | D:7      | Found a burning altar of Makhleb.
  5191 | D:7      | Found a sparkling altar of Nemelex Xobeh.
  5193 | D:7      | Found a shadowy altar of Dithmenos.
  5194 | D:7      | Found an iron altar of Okawaru.
  5196 | D:7      | Found a shimmering altar of Xom.
  5201 | D:7      | Found an opulent altar of Gozag.
  5341 | D:7      | Reached XP level 9. HP: 59/59 MP: 9/9
  5551 | D:7      | Noticed a hornet
  5868 | D:8      | Reached skill level 5 in Fighting
  6290 | D:8      | Noticed Psyche
  7148 | D:10     | Entered Level 10 of the Dungeon
  7151 | D:10     | Found Rustei's Jewellery Shop.
  7154 | D:10     | Found a stormy altar of Qazlal.
  7157 | D:10     | Bought an amulet of regeneration for 360 gold pieces
  7208 | D:10     | Found a staircase to the Lair.
  7222 | D:10     | Found Zeumynov's Book Shop.
  7260 | D:10     | HP: 15/61 [acid dragon/splash of acid (31)]
  7346 | D:10     | HP: 21/61 [wyvern (13)]
  7439 | D:10     | Reached * piety under Wu Jian
  7440 | D:10     | Reached XP level 10. HP: 63/68 MP: 10/10
  7522 | D:10     | Found Lohedyu's Antique Armour Boutique.
  7785 | D:10     | HP: 21/69 [troll (9)]
  7852 | D:10     | Found a staircase to the Orcish Mines.
  7884 | D:10     | Noticed a two-headed ogre
  8127 | D:11     | Noticed a two-headed ogre
  8139 | Lair:1   | Entered Level 1 of the Lair of Beasts
  8208 | Lair:1   | Reached skill level 10 in Shapeshifting
  8451 | Lair:1   | Reached XP level 11. HP: 55/75 MP: 11/11
  8592 | Lair:1   | Reached ** piety under Wu Jian
  8679 | Lair:1   | HP: 19/77 [komodo dragon (16)]
  9633 | Lair:2   | Noticed a six-headed hydra
  9748 | Lair:2   | Noticed a skyshark
  9790 | Lair:2   | Found a staircase to the Swamp.
 10093 | Lair:2   | Reached *** piety under Wu Jian
 10098 | Lair:2   | Reached XP level 12. HP: 85/85 MP: 12/12
 10815 | Lair:3   | Reached skill level 10 in Unarmed Combat
 10987 | Lair:3   | Noticed a seven-headed hydra
 11268 | Lair:3   | Noticed a four-headed hydra
 11275 | Lair:2   | Reached skill level 10 in Fighting
 11406 | Lair:2   | Killed a six-headed hydra
 11455 | Lair:2   | Killed a skyshark
 11559 | Lair:3   | Found a staircase to the Snake Pit.
 11758 | Lair:3   | Killed a four-headed hydra
 11894 | Lair:3   | Killed a seven-headed hydra
 11895 | Lair:3   | Reached XP level 13. HP: 73/93 MP: 13/13
 12829 | Lair:4   | Reached **** piety under Wu Jian
 13597 | Lair:5   | Entered Level 5 of the Lair of Beasts
 13610 | Lair:5   | Found a gate leading to a gauntlet.
 13617 | Gauntlet | Entered a Gauntlet
 13617 | Gauntlet | Found a transporter.
 13617 | Gauntlet | Found a transporter.
 13617 | Gauntlet | Found a transporter.
 13618 | Gauntlet | Found a transporter.
 13621 | Gauntlet | Found a transporter.
 13621 | Gauntlet | Found a transporter.
 13623 | Gauntlet | Found a large runed translucent door.
 13624 | Gauntlet | Found a large runed translucent door.
 13625 | Gauntlet | Found a large runed translucent door.
 13625 | Gauntlet | Found a large runed translucent door.
 13625 | Gauntlet | Found a runed translucent door.
 13625 | Gauntlet | Found a runed translucent door.
 13626 | Gauntlet | Found a large runed translucent door.
 13626 | Gauntlet | Found a large runed translucent door.
 13626 | Gauntlet | Found a large runed translucent door.
 13626 | Gauntlet | Found a large runed translucent door.
 13627 | Gauntlet | Found a large runed translucent door.
 13627 | Gauntlet | Found a large runed translucent door.
 13628 | Gauntlet | Found a large runed translucent door.
 13628 | Gauntlet | Found a large runed translucent door.
 13629 | Gauntlet | Found a runed translucent gate.
 13629 | Gauntlet | Found a runed translucent gate.
 13629 | Gauntlet | Found a runed translucent gate.
 13629 | Gauntlet | Noticed a quicksilver ooze
 13633 | Gauntlet | Found a transporter.
 13637 | Gauntlet | Found a transporter.
 13642 | Gauntlet | Noticed a green death
 13647 | Gauntlet | Found a transporter.
 13679 | Gauntlet | Found a large runed translucent door.
 13679 | Gauntlet | Found a large runed translucent door.
 13682 | Gauntlet | Found a large runed translucent door.
 13682 | Gauntlet | Found a large runed translucent door.
 13744 | Gauntlet | Noticed a dire elephant
 13748 | Gauntlet | Found a transporter.
 13752 | Gauntlet | Found a transporter.
 13762 | Gauntlet | Found a transporter.
 13772 | Gauntlet | Identified 2 scrolls of acquirement
 13773 | Gauntlet | Acquired the ring of the Shining Light {rF++ rCorr}
 13930 | Lair:5   | Noticed Sonja
 13944 | Lair:5   | Killed Sonja
 13954 | Lair:5   | Reached skill level 10 in Dodging
 14009 | Lair:5   | HP: 34/114 [wyvern (14)]
 14015 | Lair:5   | HP: 24/114 [wyvern (14)]
 14043 | Lair:5   | HP: 38/115 [blink frog (6)]
 14049 | Lair:5   | Reached XP level 14. HP: 40/102 MP: 14/14
 14051 | Lair:5   | HP: 38/122 [blink frog (5)]
 14171 | Lair:5   | Identified the +12 trident "Koackir" {vamp, Int+5}
 14684 | Lair:5   | Found a staircase to the Slime Pits.
 15010 | Lair:5   | Reached ***** piety under Wu Jian
 15492 | D:11     | Noticed Snorg
 15501 | D:11     | Killed Snorg
 15586 | D:11     | Acquired 941 gold pieces
 15684 | Orc:1    | Entered Level 1 of the Orcish Mines
 16005 | Orc:2    | Entered Level 2 of the Orcish Mines
 16166 | Orc:2    | Found a staircase to the Elven Halls.
 16415 | Orc:2    | Reached XP level 15. HP: 109/109 MP: 15/15
 16458 | Orc:2    | Paralysed by an orc sorcerer for 4 turns
 16463 | Orc:2    | Noticed an orc warlord
 16480 | Orc:2    | Killed an orc warlord
 16621 | D:10     | Bought the ring "Zoipn" {rF+ Str+3 Dex+3 SInv} for 585 gold
                  | pieces
 16937 | Orc:2    | Found Isarupie's Antique Armour Shop.
 16938 | Orc:2    | Found Duidirr's Antique Weapon Shop.
 16940 | Orc:2    | Found Jozi Zop's General Store.
 16940 | Orc:2    | Found Roblumm's Jewellery Boutique.
 17025 | Orc:2    | Bought a +4 ring of protection for 432 gold pieces
 17444 | Orc:1    | Reached skill level 5 in Stealth
 17823 | D:11     | Reached ****** piety under Wu Jian
 18241 | D:12     | Found a viscous altar of Jiyva.
 18920 | D:13     | Noticed Azrael
 18931 | D:13     | Killed Azrael
 19428 | D:14     | You fall into a shaft and drop 1 floor!
 19428 | D:15     | Entered Level 15 of the Dungeon
 19780 | D:14     | Noticed Josephine
 19926 | D:14     | Killed Josephine
 19945 | D:14     | HP: 38/111 [centaur warrior/arrow (11)]
 19957 | D:14     | HP: 36/111 [centaur/arrow[a centaur warrior] (4)]
 19967 | D:14     | HP: 32/111 [spore (10)]
 20077 | D:14     | HP: 37/111 [manticore/volley of spikes[a boggart] (12)]
 20080 | D:14     | HP: 16/111 [centaur/arrow (8)]
 20252 | D:14     | HP: 37/112 [orc knight/+1 long sword of holy wrath (7)]
 20257 | D:14     | HP: 36/112 [orc knight/+1 long sword of holy wrath (6)]
 20263 | D:14     | HP: 26/112 [centaur warrior (10)]
 20390 | D:14     | Found a gate to the Vaults.
 20718 | Orc:2    | Bought the amulet of Visa {Reflect rC+ SH+5 Stlth+} for 561
                  | gold pieces
 21167 | D:15     | Reached XP level 16. HP: 118/118 MP: 16/16
 21222 | D:15     | Found a snail-covered altar of Cheibriados.
 21259 | D:15     | Found a sparkling altar of Nemelex Xobeh.
 21547 | D:15     | Found a staircase to the Depths.
 21788 | Snake:1  | Entered Level 1 of the Snake Pit
 21861 | Snake:1  | Reached skill level 15 in Shapeshifting
 23327 | Snake:2  | Noticed Vashnia
 24839 | Snake:3  | Found a burning altar of Makhleb.
 25191 | Snake:3  | Reached XP level 17. HP: 93/126 MP: 17/17
 25753 | Snake:4  | Entered Level 4 of the Snake Pit
 25975 | Snake:4  | Identified the ring "Ohywypt" {Fly rN+ rCorr Str+3 Int-2}
 26353 | Snake:4  | Acquired a talisman of death
 26432 | Snake:4  | Reached skill level 15 in Unarmed Combat
 26747 | D:10     | Bought a +5 ring of evasion for 432 gold pieces
 27039 | Snake:3  | Reached skill level 10 in Stealth
 27898 | Snake:2  | Killed Vashnia
 28107 | Snake:2  | Found a broken altar of Ashenzari.
 29132 | Snake:4  | Reached skill level 15 in Fighting
 29818 | Snake:4  | Got a serpentine rune of Zot
 30088 | Swamp:1  | Entered Level 1 of the Swamp
 30671 | Swamp:1  | Noticed Roxanne
 30803 | Swamp:1  | Killed Roxanne
 30813 | Swamp:1  | Reached XP level 18. HP: 134/134 MP: 18/18
 32016 | Swamp:4  | Entered Level 4 of the Swamp
 32054 | Swamp:4  | Reached skill level 1 in Shields
 32133 | Swamp:4  | Paralysed by a fenstrider witch for 2 turns
 32254 | Swamp:4  | Reached skill level 15 in Dodging
 32559 | Swamp:4  | Got a decaying rune of Zot
 32871 | Orc:2    | Bought the ring "Ylipin" {rElec rF+ rC- Will+ Slay+4} for
                  | 667 gold pieces
 33103 | Vaults:1 | Entered Level 1 of the Vaults
 33582 | Vaults:1 | Reached XP level 19. HP: 141/141 MP: 19/19
 33802 | Vaults:1 | Identified the +3 robe "Aschu" {Int+4}
 33802 | Vaults:1 | Noticed Boris
 33804 | Vaults:1 | Killed Boris
 33849 | Vaults:1 | Found Saunworph's Weapon Shoppe.
 34591 | Vaults:2 | Found a flickering gateway to a bazaar.
 34606 | Bazaar   | Entered a bazaar
 34610 | Bazaar   | Found Nago's Jewellery Boutique.
 34627 | Bazaar   | Found Isity's Jewellery Emporium.
 34651 | Bazaar   | Found Ojeaxki's Book Boutique.
 34671 | Bazaar   | Found Banaca's Antique Armour Shoppe.
 34758 | Bazaar   | Bought a storm talisman for 480 gold pieces
 35098 | Vaults:2 | Identified the +5 rapier of Urorug {protect, *Rage +Blink
                  | rPois Will+}
 36062 | Vaults:3 | Noticed Jory
 36122 | Vaults:3 | Killed Jory
 36374 | D:8      | Identified the +6 spear of Kuoz {elec, ^Drain rF+++ rC++
                  | Stlth-}
 36388 | D:8      | Killed Psyche
 36975 | Vaults:3 | Reached XP level 20. HP: 151/151 MP: 20/20
 37170 | Vaults:3 | You fall into a shaft and drop 1 floor!
 37249 | Vaults:4 | Identified the +8 hand axe of the Two Names {holy, Str+3
                  | Dex+4}
 37798 | Vaults:3 | Identified the +3 robe "Imopeoh" {rElec Int+3 Slay+2}
 37798 | Vaults:3 | Noticed Boris
 37803 | Vaults:3 | Killed Boris
 37920 | Vaults:3 | Noticed Saint Roka
 38338 | Vaults:3 | Found a staircase to the Crypt.
 38448 | Vaults:3 | Killed Saint Roka
 38799 | Vaults:4 | Reached XP level 21. HP: 158/158 MP: 21/21
 38850 | Vaults:4 | Identified the +1 flail "Dragonbane" {protect, Int+4}
 39107 | Vaults:4 | Found a portal to a secret trove of treasure.
 40510 | D:7      | Found a blossoming altar of Fedhas.
 40746 | D:6      | Found a basalt altar of Yredelemnul.
 41608 | Depths:1 | Entered Level 1 of the Depths
 41649 | Depths:1 | Found a gateway to Hell.
 41856 | Depths:1 | Acquired the +2 buckler of Fanaticism {^Drain rElec Will+
                  | Dex+6}
 41944 | Depths:1 | Found a one-way gate leading to the halls of Pandemonium.
 42145 | Elf:1    | Entered Level 1 of the Elven Halls
 42168 | Elf:1    | Reached skill level 1 in Evocations
 43692 | Elf:2    | Found Xauhuod's Self-Published Books.
 43693 | Elf:2    | Upgraded the game from 0.32-a0-918-g0f22ef8d61 to
                  | 0.32-a0-919-gcc1024d444
 43759 | Elf:2    | Found Ciojin's Antique Armour Boutique.
 43885 | Elf:2    | Found a runed translucent gate.
 43885 | Elf:2    | Found a runed translucent gate.
 43896 | Elf:2    | Found a runed translucent gate.
 44611 | Elf:3    | Entered Level 3 of the Elven Halls
 44690 | Elf:3    | Found Noateema's Distillery.
 44694 | Elf:3    | Reached XP level 22. HP: 165/165 MP: 22/22
 44699 | Elf:3    | Found Anargh's Book Shop.
 44700 | Elf:3    | Found Lasen's Jewellery Shoppe.
 44702 | Elf:3    | Found Naeb's Book Shop.
 44862 | Elf:3    | Found Azyv's Weapon Boutique.
 45086 | Elf:3    | Found the +16 obsidian axe {drain, demonic, Mesm ^Drain Fly
                  | SInv}
 45133 | Elf:3    | Identified the +7 hand axe of Subjectivity {drain, rF+ rC-
                  | Str+4}
 45134 | Elf:3    | Identified the amulet of Rationality {Acrobat -Tele rN+
                  | Int+5}
 45139 | Elf:3    | Identified the staff of Starshine {rElec rC+ MP-9 Hexes
                  | Fire Ice}
 45145 | Elf:3    | Identified the +9 great sword "Plog" {venom, Dex+4}
 45171 | Elf:3    | Identified the ring "Siseph" {Fly rF- Dex+6 SInv}
 45203 | Elf:3    | Identified the staff "Gatt" {rN+ Will+ Str+4 Dex+3 Conj}
 45257 | Elf:3    | Identified the +3 falchion "Geru" {antimagic, Fly Int+8}
 45326 | Elf:3    | Found Jodagem's Antique Armour Boutique.
 45358 | Elf:3    | Noticed Twinkles's ghost (adept OpSh)
 45374 | Elf:3    | Found a transporter.
 45386 | Elf:3    | Found a bloodstained altar of Trog.
 45393 | Elf:3    | Found a transporter.
 45533 | Elf:3    | Got the Catalogue of Volcanic Blasphemous Deeds
 46210 | Depths:1 | Found a one-way gateway to a ziggurat.
 46213 | Depths:1 | You fall into a shaft and drop 1 floor!
 46957 | Depths:2 | Found a runed translucent gate.
 47012 | Depths:2 | Noticed a juggernaut
 47013 | Depths:2 | Killed a juggernaut
 47397 | Depths:2 | Noticed Asterion
 47401 | Depths:2 | Killed Asterion
 47411 | Depths:2 | Reached XP level 23. HP: 166/174 MP: 23/23
 47414 | Depths:2 | Noticed Nikola
 47421 | Depths:2 | Killed Nikola
 47838 | Depths:2 | Found a runed translucent gate.
 47838 | Depths:2 | Found a runed translucent gate.
 47839 | Depths:2 | Found an opulent altar of Gozag.
 47840 | Depths:2 | Found Kisicw's Assorted Antiques.
 47845 | Depths:2 | Noticed xzight's ghost (legendary MiBe)
 48304 | Depths:3 | Noticed a dread lich
 48307 | Depths:3 | Killed a dread lich
 48347 | Depths:3 | Noticed a dread lich
 48351 | Depths:3 | Paralysed by a dread lich for 5 turns
 48356 | Depths:3 | Killed a dread lich
 48433 | Depths:3 | Identified the +3 great sword "Ryit" {spect, rCorr}
 48659 | Depths:3 | Identified the +3 robe of Surprise {rN+ Regen+ Str+3}
 48659 | Depths:3 | Noticed Boris
 48661 | Depths:3 | Killed Boris
 48895 | Depths:3 | Noticed a juggernaut
 48901 | Depths:3 | Killed a juggernaut
 48903 | Depths:3 | Noticed a juggernaut
 48904 | Depths:3 | Noticed a juggernaut
 48908 | Depths:3 | Killed a juggernaut
 48910 | Depths:3 | Killed a juggernaut
 48951 | Depths:3 | Found a one-way gate to the infinite horrors of the Abyss.
 48955 | Depths:3 | Noticed a juggernaut
 48957 | Depths:3 | Killed a juggernaut
 49084 | Depths:3 | Reached XP level 24. HP: 182/182 MP: 23/23
 49306 | Depths:4 | Entered Level 4 of the Depths
 49371 | Depths:4 | Noticed a caustic shrike
 49381 | Depths:4 | Noticed a caustic shrike
 49381 | Depths:4 | Killed a caustic shrike
 49382 | Depths:4 | Noticed a caustic shrike
 49383 | Depths:4 | Killed a caustic shrike
 49387 | Depths:4 | Killed a caustic shrike
 49666 | Depths:4 | Found a gate to the Realm of Zot.
 50310 | Depths:4 | Upgraded the game from 0.32-a0-919-gcc1024d444 to
                  | 0.32-a0-921-g04a7ad8e02
 50670 | Slime:1  | Entered Level 1 of the Pits of Slime
 50850 | Slime:5  | Entered Level 5 of the Pits of Slime
 51024 | Slime:5  | HP: 59/183 [quicksilver ooze (18)]
 51045 | Slime:4  | Reached skill level 15 in Stealth
 51200 | Slime:5  | Noticed the Royal Jelly
 51275 | Slime:5  | Killed the Royal Jelly
 51280 | Slime:5  | HP: 62/183 [rockslime[the Royal Jelly] (37)]
 51289 | Slime:5  | HP: 54/183 [quicksilver ooze[the Royal Jelly] (16)]
 51295 | Slime:5  | HP: 54/183 [acid[the Royal Jelly] (2)]
 51431 | Slime:5  | Identified the ring "Ehepeytz" {rC+ Str+6 Stlth+}
 51450 | Slime:5  | Identified the +11 morningstar of Etiheph {heavy, rPois
                  | Will+ Dex+3}
 51451 | Slime:5  | Identified the +3 arbalest "Botische" {freeze, Will++
                  | Dex-2}
 51462 | Slime:5  | Identified the +0 buckler of Analysis {Str+2}
 51465 | Slime:5  | Got a slimy rune of Zot
 51476 | Slime:5  | Identified the +9 halberd "Tormentor" {freeze, Dex+2}
 51478 | Slime:5  | Got the Spellbook of the Evil Eye and Shades
 51481 | Slime:5  | Identified the staff "Eryovir" {rN+ Conj Summ Air}
 51482 | Slime:5  | Identified the ring of the Green Cherry {rC+ EV+5 Str+2}
 51526 | Slime:5  | Identified the staff "Ruzot" {rF+ rC++ rCorr Stlth+ Fire}
 51936 | Orc:2    | Bought a Gell's gravitambourine (2/2) for 480 gold pieces
 52339 | Crypt:1  | Entered Level 1 of the Crypt
 52418 | Crypt:1  | Reached skill level 1 in Spellcasting
 52437 | Crypt:1  | Noticed Sojobo
 52452 | Crypt:1  | Reached XP level 25. HP: 178/189 MP: 25/26
 52461 | Crypt:1  | Paralysed by an air elemental for 1 turns
 52465 | Crypt:1  | Paralysed by an air elemental for 1 turns
 52467 | Crypt:1  | Killed Sojobo
 52511 | Crypt:1  | Acquired a manual of Evocations
 52583 | Crypt:1  | Found a magical portal.
 52599 | WizLab   | Entered Lehudib's Moon Base
 52747 | WizLab   | Reached skill level 5 in Shields
 53173 | WizLab   | Identified the amulet of Temptation {Faith Harm Rampage}
 53250 | WizLab   | Reached skill level 5 in Spellcasting
 53266 | WizLab   | Found a transporter.
 53341 | WizLab   | Found a transporter.
 53538 | WizLab   | Identified the +3 shortbow "Qidicvu" {heavy, *Corrode rElec
                  | rF+++ Dex+2}
 53539 | WizLab   | Identified the amulet "Iweula" {Reflect Regen+ Dex+6 SH+5}
 53550 | WizLab   | Identified the +0 cloak of the Shoals {Dex+2}
 53657 | WizLab   | Gained mutation: You occasionally lose the ability to drink
                  | potions when taking damage. [a cacodemon]
 53683 | WizLab   | Lost mutation: You occasionally lose the ability to drink
                  | potions when taking damage. [potion of mutation]
 53683 | WizLab   | Gained mutation: You have a pair of small antennae on your
                  | head. [potion of mutation]
 54049 | Crypt:1  | Noticed Bai Suzhen
 54646 | Crypt:1  | Killed Bai Suzhen
 54722 | Crypt:2  | Reached skill level 5 in Evocations
 54862 | Crypt:2  | Noticed Margery
 54871 | Crypt:2  | Killed Margery
 54885 | Crypt:2  | Killed the ghostly Margery
 55137 | Crypt:2  | Reached skill level 10 in Evocations
 55577 | Crypt:3  | Entered Level 3 of the Crypt
 55958 | Crypt:3  | Found a staircase to the Tomb.
 56003 | Crypt:3  | Identified the +2 robe of Focus {rElec rC++ rCorr Dex-2}
 56003 | Crypt:3  | Noticed Boris
 56006 | Crypt:3  | Killed Boris
 56281 | Crypt:3  | Noticed Khufu
 56284 | Crypt:3  | Noticed a royal mummy
 56285 | Crypt:3  | Killed Khufu
 56288 | Crypt:3  | Killed a royal mummy
 56349 | Crypt:3  | Noticed a dread lich
 56371 | Crypt:3  | Noticed an ancient lich
 56371 | Crypt:3  | Noticed a dread lich
 56377 | Crypt:3  | Learned a level 1 spell: Apportation
 56441 | Crypt:3  | Identified the ring of Wiemeoz {rN++ Will+ rCorr MP+9} (You
                  | found it on level 3 of the Crypt)
 56442 | Crypt:3  | Identified the ring of Wu Jian's Regard {rElec rC+ rN++
                  | Dex-4 SInv}
 56600 | Crypt:3  | Got the Vellum of Despicable Magicks
 56837 | Vaults:5 | Entered Level 5 of the Vaults
 56838 | Vaults:5 | Reached skill level 1 in Translocations
 56842 | Vaults:5 | Reached XP level 26. HP: 191/196 MP: 32/32
 56852 | Vaults:5 | Reached skill level 5 in Translocations
 56874 | Vaults:5 | Noticed an ancient lich
 56880 | Vaults:5 | Killed an ancient lich
 56976 | Vaults:5 | Reached skill level 10 in Translocations
 57001 | Vaults:5 | Identified the +1 robe "Tut Xuun" {rC+ Will+ Str+6 Slay-5}
 57001 | Vaults:5 | Noticed an ancient lich
 57005 | Vaults:5 | Killed an ancient lich
 57289 | Vaults:5 | Got Acwiyr's Incunable of the Fettered Traveller
 57381 | Vaults:5 | Identified the +8 quarterstaff of the Fresh God {holy, rC-
                  | Will++ Int+2}
 57432 | Vaults:5 | Identified the orb "Yseaf" {*Rage, Harm rPois Str-5}
 57516 | Vaults:5 | Identified the +1 trident of Fragile Peace {venom, rElec
                  | Dex+3}
 57544 | Vaults:5 | Noticed an ancient lich
 57557 | Vaults:5 | Killed an ancient lich
 57594 | Vaults:5 | Got a silver rune of Zot
 57740 | Vaults:5 | Found the amulet of Elemental Vulnerability {rPois rF--
                  | rC-- AC+8}
 58509 | Zot:1    | Entered Level 1 of the Realm of Zot
 58723 | Zot:1    | Reached XP level 27. HP: 204/204 MP: 32/32
 58850 | Zot:1    | Reached skill level 10 in Shields
 58897 | Zot:1    | Found a stormy altar of Qazlal.
 58932 | Zot:1    | Got the Volume of the Zealot
 58954 | Zot:1    | Got the Compendium of Fire and Brimstone
 59082 | Zot:1    | Learned a level 2 spell: Blink
 59085 | Zot:1    | Learned a level 2 spell: Lesser Beckoning
 59089 | Zot:1    | Learned a level 3 spell: Maxwell's Portable Piledriver
 59711 | Zot:2    | Reached skill level 15 in Evocations
 59789 | Zot:2    | Identified the ring "Woun" {*Corrode rPois MP+9 Str-2
                  | Int+6}
 60001 | Zot:2    | Found a transporter.
 60003 | Zot:2    | Found a transporter.
 60190 | Zot:2    | Found a transporter.
 60192 | Zot:2    | Found a transporter.
 60636 | Zot:2    | Found a transporter.
 60638 | Zot:2    | Found a transporter.
 60794 | Zot:3    | Noticed an ancient lich
 60795 | Zot:3    | Noticed a dread lich
 60802 | Zot:3    | Killed an ancient lich
 60937 | Zot:3    | Noticed a dread lich
 60945 | Zot:3    | Killed a dread lich
 60981 | Zot:3    | Paralysed by a dread lich for 3 turns
 60986 | Zot:3    | Killed a dread lich
 61188 | Zot:3    | Found a transporter.
 61411 | Zot:3    | Found a transporter.
 61551 | Zot:3    | Noticed Sebriys's ghost (legendary TrBe)
 61950 | Zot:4    | Reached skill level 15 in Shields
 62075 | Zot:4    | Noticed an orb of fire
 62076 | Zot:4    | Killed an orb of fire
 62400 | Zot:5    | Entered Level 5 of the Realm of Zot
 62513 | Hell     | Entered the Vestibule of Hell
 62513 | Hell     | Noticed Geryon
 63101 | Hell     | Killed Geryon
 63161 | Hell     | Found a gateway to the Iron City of Dis.
 63273 | Hell     | Found a gateway to the freezing wastes of Cocytus.
 63668 | Hell     | Found a gateway to the decaying netherworld of Tartarus.
 63777 | Hell     | Found a gateway to the ashen valley of Gehenna.
 64411 | Tomb:1   | Entered Level 1 of the Tomb of the Ancients
 64509 | Tomb:1   | Noticed a royal mummy
 64521 | Tomb:1   | Killed a royal mummy
 64664 | Tomb:1   | Learned a level 4 spell: Vhi's Electric Charge
 65025 | Tomb:1   | Reached skill level 1 in Air Magic
 65252 | Tomb:1   | Noticed a royal mummy
 65253 | Tomb:1   | Killed a royal mummy
 65343 | Tomb:1   | Noticed a royal mummy
 65344 | Tomb:1   | Killed a royal mummy
 65363 | Tomb:2   | Noticed a royal mummy
 65364 | Tomb:2   | Noticed a royal mummy
 65369 | Tomb:2   | Noticed a royal mummy
 65370 | Tomb:2   | Noticed a royal mummy
 65420 | Tomb:2   | Noticed a royal mummy
 65423 | Tomb:2   | Killed a royal mummy
 65450 | Tomb:2   | Reached skill level 5 in Air Magic
 65453 | Tomb:2   | Killed a royal mummy
 65683 | Tomb:3   | Entered Level 3 of the Tomb of the Ancients
 65692 | Tomb:3   | Found the +11 Singing Sword {sonic wave}
 65726 | Tomb:3   | Noticed a royal mummy
 65733 | Tomb:3   | Noticed a royal mummy
 65735 | Tomb:3   | Noticed a royal mummy
 65741 | Tomb:3   | Killed a royal mummy
 65745 | Tomb:3   | Noticed a royal mummy
 65747 | Tomb:3   | Noticed a royal mummy
 65747 | Tomb:3   | Noticed a royal mummy
 65754 | Tomb:3   | Noticed a royal mummy
 65765 | Tomb:3   | Killed a royal mummy
 65775 | Tomb:3   | Killed a royal mummy
 65786 | Tomb:3   | HP: 67/206 [royal mummy/divine providence (14)]
 65936 | Tomb:3   | Noticed a royal mummy
 65944 | Tomb:3   | Killed a royal mummy
 65950 | Tomb:3   | Killed a royal mummy
 65958 | Tomb:3   | Killed a royal mummy
 65971 | Tomb:3   | Killed a royal mummy
 65973 | Tomb:3   | Killed a royal mummy
 66010 | Tomb:3   | Got a sanguine gem with 161 turns to spare
 66013 | Tomb:3   | Got a golden rune of Zot
 66051 | Tomb:3   | Found the ring of Shadows {Umbra +Inv Stlth+}
 66080 | Tomb:3   | Got the Tome of the Rocky Legion
 66085 | Tomb:3   | Got the Verses on the Blazing Tektite
 66096 | Tomb:3   | Identified the +9 spear of Ceehakk {holy, +Blink rF+ MP+9
                  | Int+5}
 66098 | Tomb:3   | Identified the ring "Tueceus" {rPois MP+9 Int+6 SInv}
 66101 | Tomb:3   | Identified the +5 whip "Inuinniq" {spect, MP+9 Int+4}
 66102 | Tomb:3   | Identified the amulet of Truth {Reflect +Blink rF- Slay+5
                  | SH+5 Stlth+}
 66126 | Tomb:3   | Identified the +5 halberd of Wiv Bin {drain, rC+ rCorr
                  | Int+2 Stlth+}
 66158 | Tomb:3   | Identified the +6 dagger of the Realm of Zot {drain,
                  | *Corrode rF++ Str+3 SInv}
 67399 | Depths:3 | Voluntarily entered the Abyss.
 68019 | Abyss:3  | Got an abyssal rune of Zot
 68043 | Depths:3 | Escaped the Abyss
 68278 | Depths:2 | Killed xzight's ghost
 68707 | Elf:3    | Identified the +0 pair of boots of the Doomed Centaur {MP+9
                  | Int+4}
 68729 | Elf:3    | Killed Twinkles's ghost
 69106 | Pan      | Entered Pandemonium
 69338 | Pan      | Noticed Ignacio
 69347 | Pan      | Ignacio changed into Ignacio the Hell Sentinel
 69347 | Pan      | Noticed Ignacio
 69348 | Pan      | Killed Ignacio the Hell Sentinel
 69803 | Pan      | Entered the realm of Lom Lobon.
 69815 | Pan      | Noticed Lom Lobon
 69835 | Pan      | Killed Lom Lobon
 69854 | Pan      | Got a magical rune of Zot
 70143 | Pan      | Noticed Fatodadet the pandemonium lord
 70159 | Pan      | Killed Fatodadet the pandemonium lord
 71146 | Pan      | Noticed Mennas
 71165 | Pan      | Killed Mennas
 71491 | Pan      | Got a demonic rune of Zot
 71655 | Pan      | Found a transporter.
 71748 | Pan      | Found a transporter.
 71959 | Pan      | Entered the realm of Mnoleg.
 71995 | Pan      | Noticed Mnoleg
 72093 | Pan      | Found an exit through the horrors of the Abyss.
 73226 | Pan      | Killed Mnoleg
 73259 | Pan      | Got a glowing rune of Zot
 73518 | Pan      | Noticed Icwucwi the pandemonium lord
 73568 | Pan      | Killed Icwucwi the pandemonium lord
 73787 | Pan      | Noticed Toatalup the pandemonium lord
 73791 | Pan      | Killed Toatalup the pandemonium lord
 73950 | Pan      | Found an opulent altar of Gozag.
 73957 | Pan      | Found Toatalup's Assorted Sundries.
 74001 | Pan      | Identified the +5 spear "Luut" {freeze, rPois Str+2 Dex+3}
 74027 | Pan      | Found Toatalup's Exquisite Manuscripts.
 74046 | Pan      | Found an opulent altar of Gozag.
 74053 | Pan      | Bought a scroll of teleportation for 54 gold pieces
 74053 | Pan      | Bought a scroll of fear for 72 gold pieces
 74053 | Pan      | Bought a wand of iceblast (5) for 216 gold pieces
 74053 | Pan      | Bought a scroll of enchant armour for 135 gold pieces
 74075 | Pan      | Found an opulent altar of Gozag.
 74078 | Pan      | Bought a scroll of revelation for 120 gold pieces
 74078 | Pan      | Bought a scroll of teleportation for 48 gold pieces
 74084 | Pan      | Found Toatalup's Book Shoppe.
 74087 | Pan      | Found Toatalup's Rarities Bin.
 74092 | Pan      | Bought a book of Battle for 576 gold pieces
 74100 | Pan      | Learned a level 7 spell: Manifold Assault
 74211 | Pan      | Got the Elucidation of Manifold Flux
 74482 | Pan      | Reached skill level 15 in Translocations
 74536 | Pan      | Found a white marble altar of Elyvilon.
 75228 | Pan      | Identified the +0 robe of Hopscotch {Int+2}
 75249 | Pan      | Found a glowing golden altar of the Shining One.
 75249 | Pan      | Identified the ring of Divine Compulsion {rF+ MP+9}
 75249 | Pan      | Noticed a seraph
 75251 | Pan      | Killed a seraph
 75380 | Pan      | Identified the staff of Moanwoi {Int+5 Conj}
 76096 | Pan      | Found a glowing silver altar of Zin.
 76519 | Pan      | Entered the realm of Gloorx Vloq.
 76789 | Pan      | Noticed Gloorx Vloq
 76795 | Pan      | Killed Gloorx Vloq
 76811 | Pan      | Got a dark rune of Zot
 77241 | Pan      | Learned a level 4 spell: Passage of Golubria
 77247 | Pan      | Entered the realm of Cerebov.
 77364 | Pan      | Found an exit through the horrors of the Abyss.
 77558 | Pan      | Found the +6 sword of Cerebov {flame}
 77558 | Pan      | Noticed Cerebov
 77751 | Pan      | Identified the +0 buckler of Calculation {+Inv rCorr Int-4
                  | Dex+2}
 77930 | Pan      | Identified the +1 orcbow of the Wishes {flame, Str+5}
 77974 | Pan      | Identified the +7 war axe "Killer Klown's Foe" {vamp,
                  | +Blink Dex+5}
 77974 | Pan      | Identified the ring of Nuehus {Wiz rF+ rN+ Dex+3}
 77981 | Pan      | Reached skill level 27 in Unarmed Combat
 78005 | Pan      | Got the Omnibus of Nightshade
 78243 | Pan      | Killed Cerebov
 78268 | Pan      | Got a fiery rune of Zot
 78380 | Pan      | Identified the +0 fire dragon scales of Responsibility
                  | {rPois rF++ rC- Will++}
 78382 | Pan      | Identified the +4 long sword "Hahis" {drain, Fly Int+3}
 78383 | Pan      | Identified the +0 plate armour of Giqoav {Int+5}
 78468 | Pan      | Identified the ring "Zahuinau" {rPois rC+ rN+ Dex-2 SInv}
 79069 | Pan      | Reached skill level 27 in Fighting
 79078 | Pan      | Noticed Xoutwial the pandemonium lord
 79193 | Pan      | Found a runed translucent door.
 79612 | Depths:1 | Escaped Pandemonium
 79613 | Depths:1 | Upgraded the game from 0.32-a0-921-g04a7ad8e02 to
                  | 0.32-a0-928-g1cae6b7ea0
 79613 | Depths:1 | Upgraded the game from 0.32-a0-928-g1cae6b7ea0 to
                  | 0.32-a0-929-g5c35ed9eb8
 80072 | Tomb:2   | Killed a royal mummy
 80151 | Tomb:2   | Killed a royal mummy
 80163 | Tomb:2   | Killed a royal mummy
 80348 | Tomb:1   | Noticed a royal mummy
 80353 | Tomb:1   | Killed a royal mummy
 80375 | Tomb:1   | Noticed a royal mummy
 80376 | Tomb:1   | Noticed a royal mummy
 80385 | Tomb:1   | Killed a royal mummy
 80391 | Tomb:1   | Killed a royal mummy
 80439 | Tomb:1   | Noticed a royal mummy
 80449 | Tomb:1   | Killed a royal mummy
 80466 | Tomb:1   | Noticed a royal mummy
 80466 | Tomb:1   | Noticed a royal mummy
 80466 | Tomb:1   | Noticed a royal mummy
 80466 | Tomb:1   | Noticed a royal mummy
 80472 | Tomb:1   | Noticed a royal mummy
 80474 | Tomb:1   | Killed a royal mummy
 80479 | Tomb:1   | Killed a royal mummy
 80485 | Tomb:1   | Noticed a royal mummy
 80487 | Tomb:1   | Killed a royal mummy
 80488 | Tomb:1   | Noticed a royal mummy
 80489 | Tomb:1   | Noticed a royal mummy
 80489 | Tomb:1   | Noticed a royal mummy
 80490 | Tomb:1   | Killed a royal mummy
 80496 | Tomb:1   | Killed a royal mummy
 80498 | Tomb:1   | Noticed a royal mummy
 80502 | Tomb:1   | Killed a royal mummy
 80505 | Tomb:1   | Killed a royal mummy
 80517 | Tomb:1   | Noticed a royal mummy
 80668 | Tomb:1   | Killed a royal mummy
 80737 | Tomb:1   | Killed a royal mummy
 80769 | Tomb:1   | Killed a royal mummy
 80823 | Tomb:1   | Killed a royal mummy
 80865 | Tomb:1   | Noticed a royal mummy
 80872 | Tomb:1   | Killed a royal mummy
 80874 | Tomb:1   | Noticed a royal mummy
 80874 | Tomb:1   | Noticed a royal mummy
 80878 | Tomb:1   | Killed a royal mummy
 80884 | Tomb:1   | Killed a royal mummy
 80914 | Tomb:1   | Noticed a royal mummy
 80915 | Tomb:1   | Noticed a royal mummy
 80919 | Tomb:1   | Killed a royal mummy
 80921 | Tomb:1   | Killed a royal mummy
 80928 | Tomb:1   | Noticed a royal mummy
 80935 | Tomb:1   | Killed a royal mummy
 80963 | Tomb:1   | Noticed a royal mummy
 80966 | Tomb:1   | Noticed a royal mummy
 80981 | Tomb:1   | Killed a royal mummy
 80986 | Tomb:1   | Killed a royal mummy
 81865 | Crypt:3  | Killed a dread lich
 81907 | Crypt:3  | Killed an ancient lich
 81908 | Crypt:3  | Killed a dread lich
 82402 | Tar:1    | Entered Level 1 of Tartarus
 82827 | Tar:2    | Noticed an ancient lich
 82832 | Tar:2    | Killed an ancient lich
 82927 | Tar:5    | You fall into a shaft and drop 1 floor!
 83127 | Tar:7    | Entered Level 7 of Tartarus
 83475 | Tar:7    | Reached skill level 10 in Spellcasting
 85562 | Tar:7    | Noticed Ereshkigal
 85570 | Tar:7    | Killed Ereshkigal
 85784 | Tar:7    | Got a bone rune of Zot
 85790 | Tar:7    | Identified the +3 war axe "Wemanaym" {pain, rC+ Int+3
                  | Stlth+}
 86829 | Coc:1    | Entered Level 1 of Cocytus
 86838 | Coc:1    | Reached skill level 1 in Throwing
 86984 | Coc:2    | Reached skill level 5 in Throwing
 87132 | Coc:3    | You fall into a shaft and drop 2 floors!
 87432 | Coc:6    | Paralysed by a wendigo for 1 turns
 87556 | Coc:7    | Entered Level 7 of Cocytus
 87672 | Coc:7    | Reached skill level 10 in Throwing
 87793 | Coc:7    | Paralysed by a wendigo for 1 turns
 88043 | Coc:7    | Paralysed by a wendigo for 1 turns
 88425 | Coc:7    | Noticed Antaeus
 88558 | Coc:7    | Killed Antaeus
 88652 | Coc:7    | Got an icy rune of Zot
 88684 | Coc:7    | Identified the +10 quarterstaff "Isuigh" {drain, rN++}
 89899 | Vaults:4 | You paid a toll of 13 potions of heal wounds to enter a
                  | treasure trove
 89900 | Trove    | Entered a treasure trove
 89915 | Trove    | Identified the amulet of Plog {Fly rPois RegenMP+ rCorr}
 89920 | Trove    | Identified the +10 rapier "Qoden" {spect, Fly rElec rC-
                  | rN+}
 89934 | Trove    | Identified the amulet of Mistrust {Acrobat rF+ Will+}
 89951 | Trove    | Identified the +0 hat of Myps {Will+ Str+3}
 89968 | Trove    | Identified the ring of Doubts {+Blink rF- MP+9 Int+6 Dex-4}
 90204 | Zig:1    | Entered Level 1 of a ziggurat
 90226 | Zig:2    | Entered Level 2 of a ziggurat
 90281 | Zig:3    | Entered Level 3 of a ziggurat
 90321 | Zig:4    | Entered Level 4 of a ziggurat
 90325 | Zig:4    | Found the +3 salamander hide armour {Flames, rFlCloud rF++
                  | rC--}
 90351 | Zig:4    | Identified the staff "Hydrabane" {rPois rF+ rN+ Str+3 Fire}
 90356 | Zig:5    | Entered Level 5 of a ziggurat
 90370 | Zig:5    | Got the Tome of Slime
 90390 | Zig:6    | Entered Level 6 of a ziggurat
 90395 | Zig:6    | Noticed a royal mummy
 90403 | Zig:6    | Killed a royal mummy
 90419 | Zig:6    | Identified the staff of Pidueb {Dex+3 Fire Earth Alchemy}
 90429 | Zig:7    | Entered Level 7 of a ziggurat
 90440 | Zig:7    | Noticed a royal mummy
 90450 | Zig:7    | Killed a royal mummy
 90472 | Zig:8    | Entered Level 8 of a ziggurat
 90564 | Zig:9    | Entered Level 9 of a ziggurat
 90596 | Zig:9    | Noticed Leoxt the pandemonium lord
 90599 | Zig:9    | Killed Leoxt the pandemonium lord
 90713 | Zig:10   | Entered Level 10 of a ziggurat
 90836 | Zig:10   | Identified the +4 longbow "Haeqasur" {heavy, rC+ rN+ rCorr
                  | Str+2}
 90843 | Zig:10   | Identified the +1 ring mail "Zath" {rC+ Int+4}
 90859 | Zig:10   | Identified the +2 leather armour of the Vaults {rPois Will+
                  | Str+4 Slay-3}
 90936 | Geh:1    | Entered Level 1 of Gehenna
 92199 | Geh:7    | Entered Level 7 of Gehenna
 92525 | Geh:7    | Noticed the Serpent of Hell
 92538 | Geh:7    | Killed the Serpent of Hell
 93017 | Geh:7    | Found the +13 sceptre of Asmodeus
 93017 | Geh:7    | Noticed Asmodeus
 93623 | Geh:7    | Identified the ring "Wisadao" {Str+3 Int+6 Slay+5}
 93686 | Geh:7    | Found the Charlatan's Orb {orb Evoboost}
 93704 | Geh:7    | Got Queblit's Information on Flinty Support
 93717 | Geh:7    | Identified the +1 leather armour of Absolutism {Str+7}
 94258 | Geh:7    | Killed Asmodeus
 94327 | Geh:7    | Got an obsidian rune of Zot
 95884 | Dis:1    | Entered Level 1 of the Iron City of Dis
 96450 | Dis:3    | Noticed a dread lich
 96455 | Dis:3    | Killed a dread lich
 96942 | Dis:7    | Entered Level 7 of the Iron City of Dis
 97282 | Dis:7    | Identified the +0 helmet of Hairiness {Will+ Regen+ Int+2
                  | SInv}
 97551 | Dis:7    | Identified the ring "Hucakosh" {^Contam rCorr Str+3 Dex+3
                  | SInv}
 98018 | Dis:7    | Noticed a juggernaut
 98063 | Dis:7    | Killed a juggernaut
 98211 | Dis:7    | Noticed a juggernaut
 98233 | Dis:7    | Noticed a juggernaut
 98234 | Dis:7    | Killed a juggernaut
 98238 | Dis:7    | Killed a juggernaut
 98575 | Dis:7    | Reached skill level 27 in Shields
 98603 | Dis:7    | Noticed Dispater
 98663 | Dis:7    | Killed Dispater
 98810 | Dis:7    | Identified the amulet "Punk" {Reflect rPois rCorr Int+3
                  | SH+5}
 98814 | Dis:7    | Got an iron rune of Zot
100408 | Zot:5    | Reached skill level 15 in Spellcasting
100470 | Zot:5    | Noticed an ancient lich
100487 | Zot:5    | Killed an ancient lich
100550 | Zot:5    | Noticed a dread lich
100554 | Zot:5    | Noticed an orb of fire
100557 | Zot:5    | Killed a dread lich
100558 | Zot:5    | Noticed an orb of fire
100563 | Zot:5    | Killed an orb of fire
100564 | Zot:5    | Killed an orb of fire
100569 | Zot:5    | Noticed an orb of fire
100570 | Zot:5    | Noticed an orb of fire
100571 | Zot:5    | Noticed a dread lich
100571 | Zot:5    | Killed an orb of fire
100572 | Zot:5    | Killed a dread lich
100574 | Zot:5    | Killed an orb of fire
100606 | Zot:5    | Noticed a dread lich
100607 | Zot:5    | Noticed an ancient lich
100608 | Zot:5    | Noticed an orb of fire
100609 | Zot:5    | Noticed an orb of fire
100609 | Zot:5    | Killed a dread lich
100610 | Zot:5    | Noticed an ancient lich
100610 | Zot:5    | Killed an ancient lich
100611 | Zot:5    | Killed an orb of fire
100611 | Zot:5    | Noticed an ancient lich
100611 | Zot:5    | Killed an orb of fire
100613 | Zot:5    | Killed an ancient lich
100614 | Zot:5    | Killed an ancient lich
100616 | Zot:5    | Noticed an ancient lich
100621 | Zot:5    | Killed an ancient lich
100648 | Zot:5    | Noticed a dread lich
100655 | Zot:5    | Killed a dread lich
101805 | Zot:5    | Got the Orb of Zot
101869 | Zot:2    | Noticed Kicuet the pandemonium lord
101983 | Depths:4 | Noticed Aquo the pandemonium lord
101989 | Depths:4 | Killed Aquo the pandemonium lord
102361 | D:$      | Escaped with the Orb!

Illustrated notes

Levels and vault maps discovered:
D:1:      lightli_molten_gateway, layout_basic, minmay_shallow_snake_nest
D:2:      layout_basic, uniq_crazy_yiuf_cottage, uniq_jessica
D:3:      layout_rooms
D:4:      layout_loops_cross
D:5:      layout_basic, nicolae_uskayaw_murder_on_the_dancefloor
D:6:      layout_cave_pods, lemuel_mausoleum_altar_yredelemnul,
          minmay_temple_entry_butterflies
D:7:      layout_basic, overflow_temple_1_default,
          nicolae_overflow_hallway_of_the_gods
D:8:      layout_loops_ring, eino_jars, uniq_psyche
D:9:      layout_gridville
D:10:     layout_rooms, lemuel_crystal_altar, lair_entry_dummy, orc_0_dummy,
          serial_shops, nicolae_shop_gaudy_bauble,
          nicolae_shop_overgrown_old_shop, nicolae_shop_peninsula
D:11:     layout_roguey, grunt_livestock, dk_noncrumbling_3, uniq_snorg
D:12:     layout_loops_cross, jiyva_altar_1
D:13:     layout_big_octagon, uniq_azrael
D:14:     layout_roguey, hangedman_vaults_entry_quadrant_bands,
          kennysheep_doodads, nicolae_straight_to_the_point, uniq_josephine
D:15:     grunt_enter_depths_snipers, layout_rooms, cheibriados_altar_1,
          nemelex_altar_shiori
Temple:   hellmonk_temple_beads
Lair:1:   layout_small_grid, infiniplex_staircase_pool_2, grunt_megastairs_2
Lair:2:   layout_regular_city, minmay_swamp_entry_worms,
          cheibrodos_lair_caveside_slide
Lair:3:   layout_regular_city, guppyfry_snake_entry_island,
          minmay_lair_oklob_items
Lair:4:   layout_gridlike, patterned_corridor
Lair:5:   gammafunk_lair_ancient_temple, layout_misc_corridors,
          minmay_slime_entry_oklob_open,
          portal_ice_cave_entry_animals_and_master, gauntlet_entry_generic,
          chequers_serial_rivers_small_b, uniq_sonja
Swamp:1:  layout_basic_swamp, hangedman_swamp_ruin_hall, swamp_pool_5,
          nicolae_swamp_some_circles, infiniplex_staircase_pool, uniq_roxanne
Swamp:2:  layout_basic_swamp, nicolae_swamp_well_well_well, swamp_pool_4,
          ldierk_geyser
Swamp:3:  layout_basic_swamp, evilmike_swamp_ruin_house_5, swamp_pool_1_2,
          nicolae_swamp_treefoil
Swamp:4:  swamp, layout_basic_swamp, swamp_pool_5
Snake:1:  layout_cave_pods, grunt_megastairs_3, nicolae_triple_integral
Snake:2:  layout_honeycomb, basic_altar, serial_bayou_shore_b, uniq_vashnia
Snake:3:  layout_layer_cave, basic_altar, drop_trap, nicolae_snake_flat_spine,
          regret_index_snakedec_diamondback, grunt_megastairs_4,
          lemuel_fruit_tree
Snake:4:  snake_pit, layout_rooms
Slime:1:  layout_caves
Slime:2:  layout_caves
Slime:3:  layout_caves, cheibrodos_slime_lost_civilization_7
Slime:4:  layout_caves
Slime:5:  slime_pit_nicolae_royal_road_to_ruin
Orc:1:    layout_caves
Orc:2:    st_orc_congregation, layout_caves
Elf:1:    eino_elf_arrival_sip, layout_loops_corners,
          hangedman_elven_crosses_minicolossus, nicolae_letterblocks
          [nicolae_letter_subblock, nicolae_letter_subblock,
          nicolae_letter_subblock, nicolae_letter_subblock,
          nicolae_letter_subblock, nicolae_letter_subblock,
          nicolae_letter_subblock, nicolae_letter_subblock,
          nicolae_letter_subblock, nicolae_letter_subblock,
          nicolae_letter_subblock, nicolae_letter_subblock,
          nicolae_letter_subblock, nicolae_letter_subblock,
          nicolae_letter_subblock, nicolae_letter_subblock,
          nicolae_letter_subblock, nicolae_letter_subblock,
          nicolae_letter_subblock, nicolae_letter_subblock,
          nicolae_letter_subblock, nicolae_letter_subblock,
          nicolae_letter_subblock, nicolae_letter_subblock,
          nicolae_letter_subblock]
Elf:2:    elven_hall_of_blades_hangedman_original
          [nicolae_blade_entry_pointy_end], layout_loops_corners, serial_shops,
          shop, palyth_stone_intersect, nicolae_custom_books,
          nicolae_fountain_basement
Elf:3:    grunt_elf_hall_branching, layout_geoelf_grid, serial_shops,
          nicolae_shop_pleasant_corner_grove, shop, shop,
          gammafunk_ghost_wrathful_warriors, minmay_shop_grove
Vaults:1: nicolae_vaults_three_branches, v_pattern_4, v_rooms_1, v_misc_11,
          nicolae_vaults_surprise_closet, vaults_mumra_hexcomb,
          layout_vaults_chaotic_city, serial_shops, nicolae_shop_waterfront,
          uniq_boris
Vaults:2: nicolae_vaults_tetromino_T_1, vaults_room_hallway,
          ontoclasm_vaults_misaligned, nicolae_vaults_doubleplus_tesselated,
          nicolae_vaults_alarming, nicolae_vaults_asterisk,
          nicolae_vaults_offset_grid_hallway_2, ontoclasm_vaults_shuriken,
          nicolae_vaults_double_plus_3, layout_vaults_omnigrid, serial_shops,
          bzr_entry_road
Vaults:3: v_rooms_2, nicolae_vaults_stepped_doors, vaults_room_large_hall,
          ontoclasm_vaults_eye, vaults_standard_mumra_enter_the_diamond,
          v_misc_3, minmay_crypt_entry_skeletal_spiral,
          nicolae_vaults_storage_room_glass, nicolae_vaults_specimen_jars,
          st_more_cells, v_alt_pattern_3, v_misc_1,
          nicolae_vaults_tetromino_L_2, vaults_room_stairs_pillars,
          layout_vaults_ring, uniq_saint_roka, uniq_jory
Vaults:4: ontoclasm_vaults_ring_square, grunt_vaults_bifocal,
          vaults_mumra_minichess, nicolae_vaults_offset_grid_hallway_3,
          hangedman_vaults_restitches, st_check,
          nicolae_vaults_disjoint_gnomons, hangedman_vaults_stretched_pinwheel,
          nicolae_vaults_apartment_1, nicolae_vaults_trapezoid_lopsided_1,
          nicolae_vaults_trapezoid_layered, nicolae_vaults_heist,
          nicolae_vaults_offset_grid_hallway_4, hangedman_vaults_impose,
          v_alt_pattern_1, layout_vaults_omnibox,
          nicolae_trove_entry_path_of_doom
Vaults:5
Crypt:1:  layout_regular_city, infiniplex_enter_wizlab_water,
          grunt_crypt_arrival_split, uniq_bai_suzhen, uniq_sojobo
Crypt:2:  layout_misc_corridors, uniq_margery
Crypt:3:  david_glass_crypt, layout_basic, grunt_megastairs_5, uniq_khufu
Tomb:1
Tomb:2
Tomb:3
Depths:1: layout_honeycomb, enter_ziggurat_b,
          nicolae_hell_entry_hellmouth_sunbeams, pan_entry, grunt_ministairs_9,
          nicolae_benzene_ring, hangedman_decor_lopped,
          minmay_mirror_moons_of_madness, serial_bayou_shore_b
Depths:2: constructs_gauntlet_mu_hangedman, layout_honeycomb,
          minmay_misc_feat_more_columns, ebering_ghost_gozag, hell_entry,
          rand_demon_pan_entry_4, minmay_three_doors, uniq_nikola,
          uniq_josephina, uniq_asterion
Depths:3: hellmonk_hyper_hexagons [hex_subvault_fishy, hex_subvault_channel,
          hex_subvault_crossings, hex_subvault_roundabout, hex_subvault_rooms,
          hex_subvault_angles, hex_subvault_rooms_two], abyss_entry, hell_entry
Depths:4: grunt_crosshair, layout_long_grid, hell_entry, minmay_door_square
Hell
Dis:1:    layout_gridville
Dis:2:    layout_regular_city, nicolae_dis_bowling_alley
Dis:3:    layout_gridville
Dis:4:    layout_subdivisions, nicolae_dis_fourth_circle
Dis:5:    nicolae_dis_circle_tower, layout_jigsaw, serial_glass,
          glass_columns_b, glass_columns_a
Dis:6:    layout_jigsaw, hangedman_dis_chains
Dis:7:    dis_grunt_layers
Geh:1:    layout_gehenna_pools_box
Geh:2:    layout_gehenna_pools_triple
Geh:3:    layout_gehenna_pools_box
Geh:4:    layout_gehenna_lava_caves
Geh:5:    layout_gehenna_lava_caves
Geh:6:    layout_gehenna_pools_basic
Geh:7:    evilmike_geh
Coc:1:    layout_cocytus_water_paths
Coc:2:    layout_ice_bergs
Coc:3:    layout_cocytus_water_paths
Coc:5:    layout_cocytus_water_paths
Coc:6:    layout_ice_bergs
Coc:7:    coc_old
Tar:1:    layout_honeycomb, nicolae_tar_combbox
Tar:2:    nicolae_hells_demon_pit, layout_cathedral_of_symmetry,
          tekkud_tar_snaking_path
Tar:3:    layout_grid_maze
Tar:4:    layout_grid_maze
Tar:5:    layout_cathedral_of_symmetry, nicolae_tar_honey_chapel
Tar:6:    layout_cathedral_of_symmetry, nicolae_tar_cuneiform_heaven
Tar:7:    tar_minmay_river
Zot:1:    nicolae_zot_draconian_monastery, layout_twisted_circle
Zot:2:    gammafunk_mikee_crab_dinner, layout_gridlike, serial_nicolae_subway,
          nicolae_sub_station_metal, nicolae_sub_station_crystal,
          nicolae_sub_station_stone
Zot:3:    hellmonk_crystal_mountain, layout_misc_corridors,
          gammafunk_ghost_mausoleum, zot_minivault_1
Zot:4:    circus_mu, layout_onion, regret_index_zotdec_dark_gr
Zot:5:    layout_gridlike, st_stairs_8

Skill      XL: |  1  2  3  4  5  6  7  8  9 10 11 12 13 14 15 16 17 18 19 20 21 22 23 24 25 26 27 |
---------------+----------------------------------------------------------------------------------+-----
Fighting       | 2 3 4 6 7 9 10 11 12 13 14 15 16 17 18 19 20 27 | 27.0
Dodging        | 3 4 5 7 8 10 11 12 13 14 15 16 17 18 20 | 20.0
Unarmed Combat | 4 5 6 8 9 10 12 13 14 15 16 17 18 19 20 21 27 | 27.0
Shapeshifting  | 4 5 6 8 10 11 12 13 14 15 16 17 18 19 20 21 22 23 26 | 26.6
Stealth        | 1 4 7 9 11 12 16 21 | 21.7
Shields        | 2 3 9 27 | 27.0
Evocations     | 4 12 20 | 20.0
Spellcasting   | 2 6 19 | 19.6
Translocations | 3 10 25 | 25.7
Air Magic      | 5 |  5.0
Throwing       | 14 | 14.2

Action                     |  1- 3 |  4- 6 |  7- 9 | 10-12 | 13-15 | 16-18 | 19-21 | 22-24 | 25-27 || total
---------------------------+-------+-------+-------+-------+-------+-------+-------+-------+-------++-------
  Melee: Unarmed           |    54 |       |    11 |   455 |   878 |   783 |   796 |   935 |  6817 || 10729
         Tentacles         |     9 |    27 |    49 |    34 |   113 |    52 |   159 |   208 |  1654 ||  2305
         Constrict         |    18 |    31 |    44 |    79 |   173 |    87 |   119 |    99 |   762 ||  1412
         Dagger            |     2 |   108 |   173 |       |       |       |       |       |       ||   283
         Punch             |       |       |       |     2 |    44 |    36 |   108 |   137 |  1515 ||  1842
         Tailslap          |       |       |       |       |       |    34 |     8 |       |       ||    42
         Bite              |       |       |       |       |       |    25 |    10 |       |       ||    35
  Throw: Javelin           |       |       |     3 |       |       |       |       |       |       ||     3
         Dart              |       |       |       |       |       |       |       |       |     6 ||     6
   Cast: Apportation       |       |       |       |       |       |       |       |       |    21 ||    21
         Lesser Beckoning  |       |       |       |       |       |       |       |       |    89 ||    89
         Manifold Assault  |       |       |       |       |       |       |       |       |    87 ||    87
         Vhi's Electric Ch |       |       |       |       |       |       |       |       |    17 ||    17
         Blink             |       |       |       |       |       |       |       |       |     4 ||     4
         Passage of Golubr |       |       |       |       |       |       |       |       |     4 ||     4
         Maxwell's Portabl |       |       |       |       |       |       |       |       |     1 ||     1
 Invoke: Serpent's Lash    |       |       |       |     4 |    23 |    18 |     5 |    16 |   105 ||   171
         Heavenly Storm    |       |       |       |       |       |       |       |     2 |     6 ||     8
Ability: Lunge             |       |       |    23 |    53 |   149 |   167 |   151 |   138 |   897 ||  1578
         Whirlwind         |       |       |       |   143 |   200 |   134 |   142 |   333 |  1513 ||  2465
         Wall Jump         |       |       |       |       |       |       |       |     5 |     2 ||     7
         Siphon Essence    |       |       |       |       |       |       |       |     1 |     3 ||     4
         Blinkbolt         |       |       |       |       |       |       |       |       |     9 ||     9
  Evoke: Wand              |       |       |     2 |     3 |     8 |       |       |       |     7 ||    20
         Box of beasts     |       |       |       |       |       |       |       |       |     3 ||     3
         Phantom mirror    |       |       |       |       |       |       |       |       |     6 ||     6
         Horn of Geryon    |       |       |       |       |       |       |       |       |     4 ||     4
         Gell's gravitambo |       |       |       |       |       |       |       |       |     1 ||     1
    Use: Scroll            |       |     3 |     4 |     1 |    17 |     6 |     7 |     4 |    33 ||    75
         Potion            |       |     1 |     1 |     2 |     5 |     4 |       |       |    11 ||    24
   Stab: Sleeping          |     3 |     8 |    11 |     3 |    19 |    42 |    84 |    41 |   209 ||   420
         Distracted        |       |     1 |       |       |     2 |    11 |     4 |     5 |   120 ||   143
         Paralysed         |       |       |     1 |       |       |       |       |       |     3 ||     4
         Invisible         |       |       |       |     1 |       |       |       |       |       ||     1
 Armour: Skin              |    26 |    42 |    56 |   190 |   336 |   313 |   222 |   238 |   876 ||  2299
  Dodge: Dodged            |    40 |    35 |   120 |   242 |   448 |   392 |   553 |   570 |  2743 ||  5143
  Block: Buckler           |       |     5 |    21 |     3 |       |    64 |   271 |   222 |  1396 ||  1982
         Other             |       |       |       |       |       |    50 |     9 |     2 |   107 ||   168
         Reflection        |       |       |       |       |       |    14 |    33 |     9 |    79 ||   135
         Tower shield      |       |       |       |       |       |       |       |       |   487 ||   487
   Form: Flux              |       |       |       |     1 |       |       |       |       |       ||     1
         Serpent           |       |       |       |     1 |     1 |     1 |       |       |       ||     3
         Blade             |       |       |       |       |     1 |       |       |       |       ||     1
         Dragon            |       |       |       |       |       |     2 |     1 |       |       ||     3
         Statue            |       |       |       |       |       |     1 |     1 |       |     2 ||     4
         Storm             |       |       |       |       |       |       |       |     3 |    10 ||    13
         Death             |       |       |       |       |       |       |       |     3 |    12 ||    15
                           |       |       |       |       |       |       |       |       |     2 ||     2

Table legend: (Time is in decaauts)
 A = Elapsed time spent in this place.
 B = Non-inter-level travel time spent in this place.
 C = Inter-level travel time spent in this place.
 D = Time resting spent in this place.
 E = Time spent auto-exploring this place.
 F = Levels seen in this place.
 G = Mean time per level.
                   A        B        C        D        E       F      G
               +--------+--------+--------+--------+--------+-----+--------+
         Total | 111197 |  87390 |  23807 |  10001 |  45502 | 122 |  911.5 |
       Dungeon |  18710 |  12534 |   6176 |    961 |   8795 |  15 | 1247.3 |
        Temple |     50 |      2 |     48 |      0 |      0 |   1 |   50.0 |
          Lair |   7825 |   6175 |   1650 |    797 |   3612 |   5 | 1565.0 |
         Swamp |   3225 |   2888 |    337 |    184 |   1728 |   4 |  806.2 |
     Snake Pit |   8456 |   7023 |   1433 |   1942 |   3591 |   4 | 2114.0 |
    Slime Pits |   1019 |    928 |     91 |    114 |    166 |   5 |  203.8 |
  Orcish Mines |   2873 |   1578 |   1295 |     55 |    925 |   2 | 1436.5 |
   Elven Halls |   5881 |   4783 |   1098 |      0 |   3622 |   3 | 1960.3 |
        Vaults |  11845 |   8913 |   2932 |    414 |   6139 |   5 | 2369.0 |
         Crypt |   3711 |   2875 |    836 |    356 |   1605 |   3 | 1237.0 |
          Tomb |   4598 |   3090 |   1508 |    395 |    942 |   3 | 1532.7 |
        Depths |   9372 |   6858 |   2514 |    655 |   4534 |   4 | 2343.0 |
          Hell |   1190 |    765 |    425 |    108 |    322 |   1 | 1190.0 |
           Dis |   4276 |   3426 |    850 |    714 |    199 |   7 |  610.9 |
       Gehenna |   3426 |   2935 |    491 |    807 |    929 |   7 |  489.4 |
       Cocytus |   1943 |   1640 |    303 |    467 |    114 |   6 |  323.8 |
      Tartarus |   3497 |   2731 |    766 |    780 |      0 |   7 |  499.6 |
           Zot |   5862 |   4812 |   1050 |    652 |   2413 |   5 | 1172.4 |
         Abyss |    627 |    627 |      0 |      0 |      0 |   3 |  209.0 |
   Pandemonium |  10055 |  10055 |      0 |    399 |   4950 |  18 |  558.6 |
      Ziggurat |    643 |    643 |      0 |     81 |    158 |  10 |   64.3 |
        Bazaar |    332 |    332 |      0 |      0 |    121 |   1 |  332.0 |
         Trove |     92 |     92 |      0 |      0 |      0 |   1 |   92.0 |
        Wizlab |   1371 |   1371 |      0 |    116 |    500 |   1 | 1371.0 |
      Gauntlet |    306 |    306 |      0 |      0 |    134 |   1 |  306.0 |
               +--------+--------+--------+--------+--------+-----+--------+

Top non-repeatable levels by time:
Vaults:3: 3423 daAuts
 Snake:3: 3227 daAuts
Depths:3: 3019 daAuts
   Tar:7: 2822 daAuts
   Dis:7: 2816 daAuts
Vaults:1: 2801 daAuts
  Tomb:1: 2784 daAuts
Depths:1: 2375 daAuts
Vaults:2: 2367 daAuts
Depths:2: 2345 daAuts
   Geh:7: 2224 daAuts
  Lair:2: 2187 daAuts
   Elf:2: 2086 daAuts
    D:13: 2021 daAuts
   Orc:2: 2001 daAuts
